Workbook

Sheet BDI
E1: MIN | F1: MED | G1: MAX
A2: Construção e Reforma de Edifícios | B2: AC | C2: =CONCATENATE(A2,"-",B2) -> Construção e Reforma de Edifícios-AC | E2: 0.03 | F2: 0.04 | G2: 0.055
A3: =A2 -> Construção e Reforma de Edifícios | B3: SG | C3: =CONCATENATE(A3,"-",B3) -> Construção e Reforma de Edifícios-SG | E3: 0.008 | F3: 0.008 | G3: 0.01
A4: =A3 -> Construção e Reforma de Edifícios | B4: R | C4: =CONCATENATE(A4,"-",B4) -> Construção e Reforma de Edifícios-R | E4: 0.0097 | F4: 0.0127 | G4: 0.0127
A5: =A4 -> Construção e Reforma de Edifícios | B5: DF | C5: =CONCATENATE(A5,"-",B5) -> Construção e Reforma de Edifícios-DF | E5: 0.0059 | F5: 0.0123 | G5: 0.0139
A6: =A5 -> Construção e Reforma de Edifícios | B6: L | C6: =CONCATENATE(A6,"-",B6) -> Construção e Reforma de Edifícios-L | E6: 0.0616 | F6: 0.074 | G6: 0.0896
A7: =A6 -> Construção e Reforma de Edifícios | B7: BDI PAD | C7: =CONCATENATE(A7,"-",B7) -> Construção e Reforma de Edifícios-BDI PAD | E7: 0.2034 | F7: 0.2212 | G7: 0.25 | I7: OBJETO
A8: Construção de Praças Urbanas, Rodovias, Ferrovias e recapeamento e pavimentação de vias urbanas | B8: AC | C8: =CONCATENATE(A8,"-",B8) -> Construção de Praças Urbanas, Rodovias, Ferrovias e recapeamento e pavimentação de vias urbanas-AC | E8: 0.038 | F8: 0.0401 | G8: 0.0467 | I8: CONSTRUÇÃO DO CRAS DE GUARDA DOS FERREIROS
A9: Construção de Praças Urbanas, Rodovias, Ferrovias e recapeamento e pavimentação de vias urbanas | B9: SG | C9: =CONCATENATE(A9,"-",B9) -> Construção de Praças Urbanas, Rodovias, Ferrovias e recapeamento e pavimentação de vias urbanas-SG | E9: 0.0032 | F9: 0.004 | G9: 0.0074
A10: Construção de Praças Urbanas, Rodovias, Ferrovias e recapeamento e pavimentação de vias urbanas | B10: R | C10: =CONCATENATE(A10,"-",B10) -> Construção de Praças Urbanas, Rodovias, Ferrovias e recapeamento e pavimentação de vias urbanas-R | E10: 0.005 | F10: 0.0056 | G10: 0.0097 | I10: TIPO DE OBRA DO EMPREENDIMENTO | Q10: DESONERAÇÃO
A11: Construção de Praças Urbanas, Rodovias, Ferrovias e recapeamento e pavimentação de vias urbanas | B11: DF | C11: =CONCATENATE(A11,"-",B11) -> Construção de Praças Urbanas, Rodovias, Ferrovias e recapeamento e pavimentação de vias urbanas-DF | E11: 0.0102 | F11: 0.0111 | G11: 0.0121 | I11: Construção e Reforma de Edifícios | Q11: =[1]DADOS!$C$38 -> Sim
A12: Construção de Praças Urbanas, Rodovias, Ferrovias e recapeamento e pavimentação de vias urbanas | B12: L | C12: =CONCATENATE(A12,"-",B12) -> Construção de Praças Urbanas, Rodovias, Ferrovias e recapeamento e pavimentação de vias urbanas-L | E12: 0.0664 | F12: 0.073 | G12: 0.0869
A13: Construção de Praças Urbanas, Rodovias, Ferrovias e recapeamento e pavimentação de vias urbanas | B13: BDI PAD | C13: =CONCATENATE(A13,"-",B13) -> Construção de Praças Urbanas, Rodovias, Ferrovias e recapeamento e pavimentação de vias urbanas-BDI PAD | E13: 0.196 | F13: 0.2097 | G13: 0.2423 | I13: Conforme legislação tributária municipal, definir estimativa de percentual da base de cálculo para o ISS: | Q13: 1
A14: Construção de Redes de Abastecimento de Água, Coleta de Esgoto | B14: AC | C14: =CONCATENATE(A14,"-",B14) -> Construção de Redes de Abastecimento de Água, Coleta de Esgoto-AC | E14: 0.0343 | F14: 0.0493 | G14: 0.0671 | I14: Sobre a base de cálculo, definir a respectiva alíquota do ISS (entre 2% e 5%): | Q14: 0.02
A15: =A14 -> Construção de Redes de Abastecimento de Água, Coleta de Esgoto | B15: SG | C15: =CONCATENATE(A15,"-",B15) -> Construção de Redes de Abastecimento de Água, Coleta de Esgoto-SG | E15: 0.0028 | F15: 0.0049 | G15: 0.0075
I16: Itens | M16: Siglas | N16: % Adotado | O16: Situação | P16: 1º Quartil | Q16: Médio | R16: 3º Quartil | T16: =IF(V27,"Para BDI fora do intervalo estatístico, deve ser apresentado Relatório Técnico Circunstanciado justificando a adoção do percentual de cada parcela do BDI.","")
A17: =A15 -> Construção de Redes de Abastecimento de Água, Coleta de Esgoto | B17: R | C17: =CONCATENATE(A17,"-",B17) -> Construção de Redes de Abastecimento de Água, Coleta de Esgoto-R | E17: 0.01 | F17: 0.0139 | G17: 0.0174
A18: =A17 -> Construção de Redes de Abastecimento de Água, Coleta de Esgoto | B18: DF | C18: =CONCATENATE(A18,"-",B18) -> Construção de Redes de Abastecimento de Água, Coleta de Esgoto-DF | E18: 0.0094 | F18: 0.0099 | G18: 0.0117 | I18: =IF($I$11=$A$46,"Encargos Sociais incidentes sobre a mão de obra","Administração Central") -> Administração Central | M18: =IF($I$11=$A$46,"K1","AC") -> AC | N18: 0.03 | O18: - | P18: =VLOOKUP(CONCATENATE(I$11,"-",M18),$C$2:$G$37,3,FALSE) -> 0.03 | Q18: =VLOOKUP(CONCATENATE(I$11,"-",M18),$C$2:$G$37,4,FALSE) -> 0.04 | R18: =VLOOKUP(CONCATENATE(I$11,"-",M18),$C$2:$G$37,5,FALSE) -> 0.055
A19: =A18 -> Construção de Redes de Abastecimento de Água, Coleta de Esgoto | B19: L | C19: =CONCATENATE(A19,"-",B19) -> Construção de Redes de Abastecimento de Água, Coleta de Esgoto-L | E19: 0.0674 | F19: 0.0804 | G19: 0.094 | I19: =IF($I$11=$A$46,"Administração Central da empresa ou consultoria - overhead","Seguro e Garantia") -> Seguro e Garantia | M19: =IF($I$11=$A$46,"K2","SG") -> SG | N19: 0.008 | O19: - | P19: =VLOOKUP(CONCATENATE(I$11,"-",M19),$C$2:$G$37,3,FALSE) -> 0.008 | Q19: =VLOOKUP(CONCATENATE(I$11,"-",M19),$C$2:$G$37,4,FALSE) -> 0.008 | R19: =VLOOKUP(CONCATENATE(I$11,"-",M19),$C$2:$G$37,5,FALSE) -> 0.01
A20: =A19 -> Construção de Redes de Abastecimento de Água, Coleta de Esgoto | B20: BDI PAD | C20: =CONCATENATE(A20,"-",B20) -> Construção de Redes de Abastecimento de Água, Coleta de Esgoto-BDI PAD | E20: 0.2076 | F20: 0.2418 | G20: 0.2644 | I20: =IF($I$11=$A$46,"","Risco") -> Risco | M20: =IF($I$11=$A$46,"","R") -> R | N20: 0.0097 | O20: - | P20: =VLOOKUP(CONCATENATE(I$11,"-",M20),$C$2:$G$37,3,FALSE) -> 0.0097 | Q20: =VLOOKUP(CONCATENATE(I$11,"-",M20),$C$2:$G$37,4,FALSE) -> 0.0127 | R20: =VLOOKUP(CONCATENATE(I$11,"-",M20),$C$2:$G$37,5,FALSE) -> 0.0127
A21: Construção e Manutenção de Estações e Redes de Distribuição de Energia Elétrica | B21: AC | C21: =CONCATENATE(A21,"-",B21) -> Construção e Manutenção de Estações e Redes de Distribuição de Energia Elétrica-AC | E21: 0.0529 | F21: 0.0592 | G21: 0.0793 | I21: =IF($I$11=$A$46,"","Despesas Financeiras") -> Despesas Financeiras | M21: =IF($I$11=$A$46,"","DF") -> DF | N21: 0.0123 | O21: - | P21: =VLOOKUP(CONCATENATE(I$11,"-",M21),$C$2:$G$37,3,FALSE) -> 0.0059 | Q21: =VLOOKUP(CONCATENATE(I$11,"-",M21),$C$2:$G$37,4,FALSE) -> 0.0123 | R21: =VLOOKUP(CONCATENATE(I$11,"-",M21),$C$2:$G$37,5,FALSE) -> 0.0139
A22: =A21 -> Construção e Manutenção de Estações e Redes de Distribuição de Energia Elétrica | B22: SG | C22: =CONCATENATE(A22,"-",B22) -> Construção e Manutenção de Estações e Redes de Distribuição de Energia Elétrica-SG | E22: 0.0025 | F22: 0.0051 | G22: 0.0056 | I22: =IF($I$11=$A$46,"Margem bruta da empresa de consultoria","Lucro") -> Lucro | M22: =IF($I$11=$A$46,"K3","L") -> L | N22: 0.074 | O22: - | P22: =VLOOKUP(CONCATENATE(I$11,"-",M22),$C$2:$G$37,3,FALSE) -> 0.0616 | Q22: =VLOOKUP(CONCATENATE(I$11,"-",M22),$C$2:$G$37,4,FALSE) -> 0.074 | R22: =VLOOKUP(CONCATENATE(I$11,"-",M22),$C$2:$G$37,5,FALSE) -> 0.0896
A23: =A22 -> Construção e Manutenção de Estações e Redes de Distribuição de Energia Elétrica | B23: R | C23: =CONCATENATE(A23,"-",B23) -> Construção e Manutenção de Estações e Redes de Distribuição de Energia Elétrica-R | E23: 0.01 | F23: 0.0148 | G23: 0.0197 | I23: Tributos (impostos COFINS 3%, e PIS 0,65%) | M23: CP | N23: 0.0365 | O23: - | P23: 0.0365 | Q23: 0.0365 | R23: 0.0365
A24: =A23 -> Construção e Manutenção de Estações e Redes de Distribuição de Energia Elétrica | B24: DF | C24: =CONCATENATE(A24,"-",B24) -> Construção e Manutenção de Estações e Redes de Distribuição de Energia Elétrica-DF | E24: 0.0101 | F24: 0.0107 | G24: 0.0111 | I24: Tributos (ISS, variável de acordo com o município) | M24: ISS | N24: =IF($I$11<>$A$45,Q14*Q13,0) -> 0.02 | O24: - | P24: 0 | Q24: 0.025 | R24: 0.05
A25: =A24 -> Construção e Manutenção de Estações e Redes de Distribuição de Energia Elétrica | B25: L | C25: =CONCATENATE(A25,"-",B25) -> Construção e Manutenção de Estações e Redes de Distribuição de Energia Elétrica-L | E25: 0.08 | F25: 0.0831 | G25: 0.0951 | I25: Tributos (Contribuição Previdenciária sobre a Receita Bruta - 0% ou 4,5% - Desoneração) | M25: CPRB | N25: =IF(AND($I$11<>$A$45,Q11="Sim"),4.5%,0%) -> 0.045 | O25: =IF(AND(N25>=P25,N25<=R25),"OK","Não OK") -> OK | P25: 0 | Q25: 0.045 | R25: 0.045
A26: =A25 -> Construção e Manutenção de Estações e Redes de Distribuição de Energia Elétrica | B26: BDI PAD | C26: =CONCATENATE(A26,"-",B26) -> Construção e Manutenção de Estações e Redes de Distribuição de Energia Elétrica-BDI PAD | E26: 0.24 | F26: 0.2584 | G26: 0.2786 | I26: BDI SEM desoneração (Fórmula Acórdão TCU) | M26: BDI PAD | N26: =IF($I$11=$A$45,0,ROUND((((1+N18+N19+N20)*(1+N21)*(1+N22)/(1-(N23+N24)))-1),4)) -> 0.2073 | O26: =IF(OR($I$11=$A$46,$I$11=$A$45,AND(N26>=P26,N26<=R26)),"OK","FORA DO INTERVALO") -> OK | P26: =IF($I$11=$A$45,0,VLOOKUP(CONCATENATE($I$11,"-",$M26),$C$2:$G$37,3,FALSE)) -> 0.2034 | Q26: =IF($I$11=$A$45,0,VLOOKUP(CONCATENATE($I$11,"-",$M26),$C$2:$G$37,4,FALSE)) -> 0.2212 | R26: =IF($I$11=$A$45,0,VLOOKUP(CONCATENATE($I$11,"-",$M26),$C$2:$G$37,5,FALSE)) -> 0.25
A27: Obras Portuárias, Marítimas e Fluviais | B27: AC | C27: =CONCATENATE(A27,"-",B27) -> Obras Portuárias, Marítimas e Fluviais-AC | E27: 0.04 | F27: 0.0552 | G27: 0.0785 | I27: BDI COM desoneração | M27: BDI DES | N27: =IF($I$11=$A$45,0,ROUND((((1+N18+N19+N20)*(1+N21)*(1+N22)/(1-(N23+N24+N25)))-1),4)) -> 0.2677 | O27: =IF(Q11<>"Sim","",O26) -> OK | V27: =AND(COUNTA(N18:N23)=6,O26<>"ok",NOT(V29)) -> FALSE | W27: pedir anexo
A28: =A27 -> Obras Portuárias, Marítimas e Fluviais | B28: SG | C28: =CONCATENATE(A28,"-",B28) -> Obras Portuárias, Marítimas e Fluviais-SG | E28: 0.0081 | F28: 0.0122 | G28: 0.0199
A29: =A28 -> Obras Portuárias, Marítimas e Fluviais | B29: R | C29: =CONCATENATE(A29,"-",B29) -> Obras Portuárias, Marítimas e Fluviais-R | E29: 0.0146 | F29: 0.0232 | G29: 0.0316 | I29: =IF(V29,"X","") | J29: Anexo: Relatório Técnico Circunstanciado justificando a adoção do percentual de cada parcela do BDI. | V29: FALSE | W29: anexo apresentado
I31: Os valores de BDI foram calculados com o emprego da fórmula:
A32: =A29 -> Obras Portuárias, Marítimas e Fluviais | B32: DF | C32: =CONCATENATE(A32,"-",B32) -> Obras Portuárias, Marítimas e Fluviais-DF | E32: 0.0094 | F32: 0.0102 | G32: 0.0133 | L32: =IF(Q11="Sim","BDI.DES =","BDI.PAD =") -> BDI.DES = | M32: =IF($I$11=$A$46,"(1+K1+K2)*(1+K3)","(1+AC + S + R + G)*(1 + DF)*(1+L)") -> (1+AC + S + R + G)*(1 + DF)*(1+L) | P32: - 1
A33: =A32 -> Obras Portuárias, Marítimas e Fluviais | B33: L | C33: =CONCATENATE(A33,"-",B33) -> Obras Portuárias, Marítimas e Fluviais-L | E33: 0.0714 | F33: 0.084 | G33: 0.1043 | M33: =IF(Q11="Sim","(1-CP-ISS-CRPB)","(1-CP-ISS)") -> (1-CP-ISS-CRPB)
A34: =A33 -> Obras Portuárias, Marítimas e Fluviais | B34: BDI PAD | C34: =CONCATENATE(A34,"-",B34) -> Obras Portuárias, Marítimas e Fluviais-BDI PAD | E34: 0.228 | F34: 0.2748 | G34: 0.3095
I35: =CONCATENATE("Declaro para os devidos fins que, conforme legislação tributária municipal, a base de cálculo para ",I11,", é de ",Q13*100,"%, com a respectiva alíquota de ",Q14*100,"%.") -> Declaro para os devidos fins que, conforme legislação tributária municipal, a base de cálculo para Construção e Reforma de Edifícios, é de 100%, com a respectiva alíquota de 2%.
I37: =CONCATENATE("Declaro para os devidos fins que o regime de Contribuição Previdenciária sobre a Receita Bruta adotado para elaboração do orçamento foi ",IF(Q11="Sim","COM","SEM")," Desoneração, e que esta é a alternativa mais adequada para a Administração Pública.") -> Declaro para os devidos fins que o regime de Contribuição Previdenciária sobre a Receita Bruta adotado para elaboração do orçamento foi COM Desoneração, e que esta é a alternativa mais adequada para a Administração Pública.
A39: Construção e Reforma de Edifícios
A40: Construção de Praças Urbanas, Rodovias, Ferrovias e recapeamento e pavimentação de vias urbanas
A41: Construção de Redes de Abastecimento de Água, Coleta de Esgoto
A42: Construção e Manutenção de Estações e Redes de Distribuição de Energia Elétrica
A43: Obras Portuárias, Marítimas e Fluviais
A44: Fornecimento de Materiais e Equipamentos (aquisição indireta - em conjunto com licitação de obras)
A45: Fornecimento de Materiais e Equipamentos (aquisição direta)
A46: Estudos e Projetos, Planos e Gerenciamento e outros correlatos

Sheet ORÇAMENTO
B1: PLANILHA ORÇAMENTÁRIA
B2: OBJETO: | D2: CONSTRUÇÃO DO CRAS DE GUARDA DOS FERREIROS | G2: REFERÊNCIA DE PREÇOS: | I2: EXECUÇÃO: | J2: INDIRETA
I3: DATA: | J3: 45518
B4: ENDEREÇO: | D4: RUA JUVENAL RESENDE DA SILVA | G4: SETOP 08/2023 | I4: BDI: | J4: =BDI!N27 -> 0.2677
G5: SINAPI 03/2024
B7: ITEM | C7: CÓDIGO | D7: FONTE | E7: DESCRIÇÃO DOS SERVIÇOS | F7: UN. | G7: QUANT. | H7: CUSTO (R$) | I7: PREÇO (R$) | J7: VALOR (R$) | K7: MEMORIAL DESCRITIVO
B9: 1 | E9: SERVIÇOS PRELIMINARES | I9: =SUM(I10:I21) -> 33691.42 | J9: =SUM(J10:J21) -> 42710.613 | K9: SERVIÇOS PRELIMINARES
B10: 1.1 | C10: ED-16660 | D10: SETOP | E10: FORNECIMENTO E COLOCAÇÃO DE PLACA DE OBRA EM CHAPA GALVANIZADA #26, ESP. 0,45 MM, PLOTADA COM ADESIVO VINÍLICO, AFIXADA COM REBITES 4,8X40 MM, EM ESTRUTURA METÁLICA DE METALON 20X20 MM, ESP. 1,25 MM, INCLUSIVE SUPORTE EM EUCALIPTO AUTOCLAVADO PINTADO COM TINTA PVA DUAS (2) DEMÃOS | F10: m² | G10: =3*1.5 -> 4.5 | H10: 303.81 | I10: =ROUND(G10*H10,2) -> 1367.15 | J10: =(I10+(I10*$J$4)) -> 1733.1361 | K10: 3,00x1,50 | L10: palca de obra 3,00x1,50
B11: 1.2 | C11: CO-28390 | D11: SETOP | E11: MOBILIZAÇÃO E DESMOBILIZAÇÃO DE EQUIPAMENTO DE SONDAGEM A PERCUSSÃO COM ENSAIO DE PENETRAÇÃO PADRÃO (SPT) - (CUSTO FIXO) | F11: un | G11: 1 | H11: 850 | I11: =ROUND(G11*H11,2) -> 850 | J11: =(I11+(I11*$J$4)) -> 1077.545 | K11: 1 | L11: MOBILIZAÇÃO E DESMOBILIZAÇÃO
B12: 1.3 | C12: CO-28388 | D12: SETOP | E12: SONDAGEM A PERCUSSÃO COM ENSAIO DE PENETRAÇÃO PADRÃO (SPT), DIÂMETRO 2.1/2", EXCLUSIVE MOBILIZAÇÃO E DESMOBILIZAÇÃO | F12: m | G12: 20 | H12: 72.5 | I12: =ROUND(G12*H12,2) -> 1450 | J12: =(I12+(I12*$J$4)) -> 1838.165 | K12: 2 Furos x 10 m/l | L12: 2 Furos x 10 m/l
B13: 1.4 | C13: CO-27427 | D13: SETOP | E13: PROJETO EXECUTIVO DE ESTRUTURA DE CONCRETO | F13: PR | G13: 6 | H13: 1528.35 | I13: =ROUND(G13*H13,2) -> 9170.1 | J13: =(I13+(I13*$J$4)) -> 11624.936 | K13: 6 | L13: Prancha
B14: 1.5 | C14: CO-27431 | D14: SETOP | E14: PROJETO EXECUTIVO DE INSTALAÇÕES ELÉTRICAS | F14: PR | G14: 2 | H14: 1768.4 | I14: =ROUND(G14*H14,2) -> 3536.8 | J14: =(I14+(I14*$J$4)) -> 4483.6014 | K14: 2 | L14: Prancha
B15: 1.6 | C15: CO-27430 | D15: SETOP | E15: PROJETO EXECUTIVO DE INSTALAÇÕES HIDRO SANITÁRIAS | F15: PR | G15: 2 | H15: 1700.46 | I15: =ROUND(G15*H15,2) -> 3400.92 | J15: =(I15+(I15*$J$4)) -> 4311.3463 | K15: 2 | L15: Prancha
B16: 1.7 | C16: ED-29823 | D16: SETOP | E16: TAPUME FIXO DE PROTEÇÃO PARA FECHAMENTO DE OBRA EM TELHA METÁLICA GALVANIZADA, TIPO TRAPEZOIDAL, ESP. 0,5MM, COM MÓDULO NA DIMENSÃO DE (300X220)CM, COM REAPROVEITAMENTO, EXCLUSIVE PINTURA ESMALTE, INCLUSIVE PONTALETE E FIXAÇÃO | F16: m² | G16: =20*2.1 -> 42 | H16: 57.49 | I16: =ROUND(G16*H16,2) -> 2414.58 | J16: =(I16+(I16*$J$4)) -> 3060.9631 | K16: 20*2,1 | L16: perimetro * altura da telha metalica
B17: 1.8 | C17: ED-50151 | D17: SETOP | E17: LIGAÇÃO PROVISÓRIA COM ENTRADA DE ENERGIA AÉREA, PADRÃO CEMIG, CARGA INSTALADA DE 15,1KVA ATÉ 30KVA, TRIFÁSICO, COM SAÍDA SUBTERRÂNEA, INCLUSIVE POSTE, CAIXA PARA MEDIDOR, DISJUNTOR, BARRAMENTO, TERRAMENTO E ACESSÓRIOS | F17: un | G17: 1 | H17: 1154.49 | I17: =ROUND(G17*H17,2) -> 1154.49 | J17: =(I17+(I17*$J$4)) -> 1463.547 | K17: 1 | L17: uma ligação de energia
B18: 1.9 | C18: ED-50150 | D18: SETOP | E18: LIGAÇÃO DE ÁGUA PROVISÓRIA PARA CANTEIRO, INCLUSIVE HIDRÔMETRO E CAVALETE PARA MEDIÇÃO DE ÁGUA - ENTRADA PRINCIPAL, EM AÇO GALVANIZADO DN 20MM (1/2") - PADRÃO CONCESSIONÁRIA | F18: un | G18: 1 | H18: 375.66 | I18: =ROUND(G18*H18,2) -> 375.66 | J18: =(I18+(I18*$J$4)) -> 476.22418 | K18: 1 | L18: uma ligação de água
B19: 1.10 | C19: ED-16350 | D19: SETOP | E19: LOCAÇÃO DE CONTAINER COM ISOLAMENTO TÉRMICO, TIPO 3, PARA DEPÓSITO/FERRAMENTARIA DE OBRA, COM MEDIDAS REFERENCIAIS DE (6) METROS COMPRIMENTO, (2,3) METROS LARGURA E (2,5) METROS ALTURA ÚTIL INTERNA, INCLUSIVE LIGAÇÕES ELÉTRICAS INTERNAS, EXCLUSIVE MOBILIZAÇÃO/ DESMOBILIZAÇÃO E LIGAÇÕES PROVISÓRIAS EXTERNAS | F19: mês | G19: 8 | H19: 882.56 | I19: =ROUND(G19*H19,2) -> 7060.48 | J19: =(I19+(I19*$J$4)) -> 8950.5705 | K19: 1 | L19: Unidade
B20: 1.11 | C20: ED-17989 | D20: SETOP | E20: LOCAÇÃO DE OBRA COM GABARITO DE TÁBUAS CORRIDAS PONTALETADAS A CADA 2,00M, REAPROVEITAMENTO (2X), INCLUSIVE ACOMPANHAMENTO DE EQUIPE TOPOGRÁFICA PARA MARCAÇÃO DE PONTO TOPOGRÁFICO | F20: m | G20: 54.6 | H20: 49.91 | I20: =ROUND(G20*H20,2) -> 2725.09 | J20: =(I20+(I20*$J$4)) -> 3454.5966 | K20: 54.6 | L20: Perimetro
B21: 1.12 | C21: 98525 | D21: SINAPI | E21: LIMPEZA MECANIZADA DE CAMADA VEGETAL, VEGETAÇÃO E PEQUENAS ÁRVORES (DIÂMETRO DE TRONCO MENOR QUE 0,20 M), COM TRATOR DE ESTEIRAS. | F21: m² | G21: 305.17 | H21: 0.61 | I21: =ROUND(G21*H21,2) -> 186.15 | J21: =(I21+(I21*$J$4)) -> 235.98236 | K21: 305.17 | L21: area do lote
B23: 2 | E23: MOVIMENTO DE TERRA PARA FUNDAÇÕES | I23: =SUM(I24:I26) -> 729.38 | J23: =SUM(J24:J26) -> 924.63503 | K23: MOVIMENTO DE TERRA PARA FUNDAÇÕES
B24: 2.1 | C24: 93358 | D24: SINAPI | E24: ESCAVAÇÃO MANUAL DE VALA COM PROFUNDIDADE MENOR OU IGUAL A 1,30 M. | F24: m³ | G24: =27.51*0.3 -> 8.253 | H24: 71.68 | I24: =ROUND(G24*H24,2) -> 591.58 | J24: =(I24+(I24*$J$4)) -> 749.94597 | K24: 27,51*0,3 | L24: Area da base * altura
B25: 2.2 | C25: 101617 | D25: SINAPI | E25: PREPARO DE FUNDO DE VALA COM LARGURA MAIOR OU IGUAL A 1,5 M E MENOR QUE 2,5 M (ACERTO DO SOLO NATURAL). | F25: m² | G25: =27.51 -> 27.51 | H25: 2.69 | I25: =ROUND(G25*H25,2) -> 74 | J25: =(I25+(I25*$J$4)) -> 93.8098 | K25: 27.51 | L25: Area da base
B26: 2.3 | C26: 93382 | D26: SINAPI | E26: REATERRO MANUAL DE VALAS, COM COMPACTADOR DE SOLOS DE PERCUSSÃO. | F26: m³ | G26: =27.51*0.1 -> 2.751 | H26: 23.19 | I26: =ROUND(G26*H26,2) -> 63.8 | J26: =(I26+(I26*$J$4)) -> 80.87926 | K26: 27,51*,01 | L26: Area da base * altura
B28: 3 | E28: FUNDAÇÕES | I28: =SUM(I29,I35,I38) -> 52401.77 | J28: =SUM(J29,J35,J38) -> 66429.724 | K28: FUNDAÇÕES
B29: 3.1 | E29: ESTACA | I29: =SUM(I30:I34) -> 21667.67 | J29: =SUM(J30:J34) -> 27468.105 | K29: ESTACA
B30: 3.1.1 | C30: 100896 | D30: SINAPI | E30: ESTACA ESCAVADA MECANICAMENTE, SEM FLUIDO ESTABILIZANTE, COM 25CM DE DIÂMETRO, CONCRETO LANÇADO POR CAMINHÃO BETONEIRA (EXCLUSIVE MOBILIZAÇÃ O E DESMOBILIZAÇÃO). | F30: M | G30: =30*3+(24*1.5) -> 126 | H30: 64.37 | I30: =ROUND(G30*H30,2) -> 8110.62 | J30: =(I30+(I30*$J$4)) -> 10281.833 | K30: 30*3 + 24*1,5 | L30: Quantidade de estacas * profundidade ( construção e muro)
B31: 3.1.2 | C31: 96546 | D31: SINAPI | E31: ARMAÇÃO DE BLOCO UTILIZANDO AÇO CA-50 DE 10 MM - MONTAGEM. | F31: kg | G31: =6*3*0.617*54 -> 599.724 | H31: 12.5 | I31: =ROUND(G31*H31,2) -> 7496.55 | J31: =(I31+(I31*$J$4)) -> 9503.3764 | K31: 6*3*0,617*54 | L31: Qtd barras (6 Ø 10mm) * profundidade * massa nominal da bitola de 10mm (0,617 kg/m) * qtd estacas
B32: 3.1.3 | C32: ED-48297 | D32: SETOP | E32: CORTE, DOBRA E MONTAGEM DE AÇO CA-60, DIÂMETRO (4,2MM A 5,0MM), INCLUSIVE ESPAÇADOR | F32: kg | G32: =(((3/0.2)*30)+((1.5/0.2)*24))*((2*PI()*0.125)+0.07)*0.154 -> 82.99073 | H32: 11.58 | I32: =ROUND(G32*H32,2) -> 961.03 | J32: =(I32+(I32*$J$4)) -> 1218.2977 | K32: (3/0,20)*30+(1,5/0,20)*24* ((2*π*0,125)+0,07) * 0,154 | L32: M linear {Qtd. estribos[( Qtd. Estrib. p/ coluna (comprimento (3)/ espaçamento (0,20))* Nº estacas (20) ] * M linear estribo [((2*π*0,125)+0,07)] * 0,154 KG/M
B33: 3.1.4 | C33: 96619 | D33: SINAPI | E33: LASTRO DE CONCRETO MAGRO, APLICADO EM BLOCOS DE COROAMENTO OU SAPATAS, ESPESSURA DE 5 CM. | F33: m² | G33: =((PI()*(0.25^2))/4)*54 -> 2.6507188 | H33: 38.1 | I33: =ROUND(G33*H33,2) -> 100.99 | J33: =(I33+(I33*$J$4)) -> 128.02502 | K33: (π*(0,25)^2)/4 *54 | L33: (π*D(0,5)^2)/4 (área da estaca) * quantidade
B34: 3.1.5 | C34: 96557 | D34: SINAPI | E34: CONCRETAGEM DE BLOCO DE COROAMENTO OU VIGA BALDRAME, FCK 30 MPA, COM USO DE BOMBA - LANÇAMENTO, ADENSAMENTO E ACABAMENTO. | F34: m³ | G34: =((PI()*(0.25)^2)/4*30*3)+((PI()*(0.25)^2)/4*24*1.5) -> 6.1850105 | H34: 808.16 | I34: =ROUND(G34*H34,2) -> 4998.48 | J34: =(I34+(I34*$J$4)) -> 6336.5731 | K34: ((π*D(0,25)^2)/4 * 30*3)+((π*D(0,25)^2)/4 * 24*1,5) | L34: (π*D(0,5)^2)/4 (Área da estaca) * 3 (comprimento) * 20 (quantidade)
B35: 3.2 | E35: BLOCO | I35: =SUM(I36:I37) -> 10452.78 | J35: =SUM(J36:J37) -> 13250.989 | K35: BLOCO
B36: 3.2.1 | C36: 96546 | D36: SINAPI | E36: ARMAÇÃO DE BLOCO UTILIZANDO AÇO CA-50 DE 10 MM - MONTAGEM. | F36: kg | G36: =12*0.617*54 -> 399.816 | H36: 12.5 | I36: =ROUND(G36*H36,2) -> 4997.7 | J36: =(I36+(I36*$J$4)) -> 6335.5843 | K36: 12 * 0,617* 54 | L36: M linear (12m = 1 barra) * 0,617 KG/M *quantidade ( construção e muro)
B37: 3.2.2 | C37: 96557 | D37: SINAPI | E37: CONCRETAGEM DE BLOCO DE COROAMENTO OU VIGA BALDRAME, FCK 30 MPA, COM USO DE BOMBA - LANÇAMENTO, ADENSAMENTO E ACABAMENTO. | F37: m³ | G37: =(0.5*0.5*0.5)*54 -> 6.75 | H37: 808.16 | I37: =ROUND(G37*H37,2) -> 5455.08 | J37: =(I37+(I37*$J$4)) -> 6915.4049 | K37: (0,5*0,5*0,5) * 54 | L37: 0,5*0,5*0,5 (volume do bloco) * quantidade
B38: 3.3 | E38: VIGA BALDRAME | I38: =SUM(I39:I42) -> 20281.32 | J38: =SUM(J39:J42) -> 25710.629 | K38: VIGA BALDRAME
B39: 3.3.1 | C39: 96536 | D39: SINAPI | E39: FABRICAÇÃO, MONTAGEM E DESMONTAGEM DE FÔRMA PARA VIGA BALDRAME, EM MADEIRA SERRADA, E=25 MM, 4 UTILIZAÇÕES. | F39: m² | G39: =183.07*0.3*2 -> 109.842 | H39: 61.06 | I39: =ROUND(G39*H39,2) -> 6706.95 | J39: =(I39+(I39*$J$4)) -> 8502.4005 | K39: 183,07*0,3*2 | L39: m linear * altura* 2 lados
B40: 3.3.2 | C40: 96546 | D40: SINAPI | E40: ARMAÇÃO DE BLOCO UTILIZANDO AÇO CA-50 DE 10 MM - MONTAGEM. | F40: kg | G40: =4*183.07*0.617 -> 451.81676 | H40: 12.5 | I40: =ROUND(G40*H40,2) -> 5647.71 | J40: =(I40+(I40*$J$4)) -> 7159.602 | K40: 4*183,07*0,617 | L40: Qtd de barras (4 Ø 10mm) * m linear * massa nominal da bitola de 10 (0,617kg/m)
B41: 3.3.3 | C41: ED-48297 | D41: SETOP | E41: CORTE, DOBRA E MONTAGEM DE AÇO CA-60, DIÂMETRO (4,2MM A 5,0MM), INCLUSIVE ESPAÇADOR | F41: kg | G41: =((183.07/0.2)*((2*0.1)+(2*0.25)+0.07))*0.154 -> 108.5422 | H41: 11.58 | I41: =ROUND(G41*H41,2) -> 1256.92 | J41: =(I41+(I41*$J$4)) -> 1593.3975 | K41: ((183,07/0,2)*((2*0,1)+(2*0,25)+0,07))*0,154 | L41: M linear {Qtd estribos [qtd estribo p/ viga (m linear da viga /espaçamento (0,20))] * M linear estribo [2*Largura (0,09) + 2*comprimento (0,21) + dobra (0,07)]} * massa bitola de 5mm 0,154 KG/M
B42: 3.3.4 | C42: 96557 | D42: SINAPI | E42: CONCRETAGEM DE BLOCO DE COROAMENTO OU VIGA BALDRAME, FCK 30 MPA, COM USO DE BOMBA - LANÇAMENTO, ADENSAMENTO E ACABAMENTO. | F42: m³ | G42: =27.51*0.3 -> 8.253 | H42: 808.16 | I42: =ROUND(G42*H42,2) -> 6669.74 | J42: =(I42+(I42*$J$4)) -> 8455.2294 | K42: 27,51*0,3 | L42: Area da base * altura
B44: 4 | E44: SUPERESTRUTURA | I44: =SUM(I45,I50,I55,I57) -> 66150.93 | J44: =SUM(J45,J50,J55,J57) -> 83859.534 | K44: SUPERESTRUTURA
B45: 4.1 | E45: CONCRETO ARMADO - PILARES | I45: =SUM(I46:I49) -> 15944.09 | J45: =SUM(J46:J49) -> 20212.323 | K45: CONCRETO ARMADO - PILARES
B46: 4.1.1 | C46: 92443 | D46: SINAPI | E46: MONTAGEM E DESMONTAGEM DE FÔRMA DE PILARES RETANGULARES E ESTRUTURAS SIMILARES, PÉ-DIREITO SIMPLES, EM CHAPA DE MADEIRA COMPENSADA PLASTIFIC ADA, 18 UTILIZAÇÕES. | F46: m² | G46: =((0.14*3*2)+(0.26*3*2))*54 -> 129.6 | H46: 43.7 | I46: =ROUND(G46*H46,2) -> 5663.52 | J46: =(I46+(I46*$J$4)) -> 7179.6443 | K46: ((0,14*3*2)+(0,26*3*2))*54 | L46: (largura * altura * 2 lados)+ (comprimento* altura * 2 lados) * quantidade ( construção e muro)
B47: 4.1.2 | C47: 92762 | D47: SINAPI | E47: ARMAÇÃO DE PILAR OU VIGA DE ESTRUTURA CONVENCIONAL DE CONCRETO ARMADO UTILIZANDO AÇO CA-50 DE 10,0 MM - MONTAGEM. | F47: kg | G47: =3*4*0.617*54 -> 399.816 | H47: 9.9 | I47: =ROUND(G47*H47,2) -> 3958.18 | J47: =(I47+(I47*$J$4)) -> 5017.7848 | K47: 3*4*0,617*54 | L47: altura do pilar * qtd barras (4 Ø 10mm)* massa nominal da bitola de 10mm (0,617kg/m) * qtd de pilares
B48: 4.1.3 | C48: 92759 | D48: SINAPI | E48: ARMAÇÃO DE PILAR OU VIGA DE ESTRUTURA CONVENCIONAL DE CONCRETO ARMADO UTILIZANDO AÇO CA-60 DE 5,0 MM - MONTAGEM. | F48: kg | G48: =(((3/0.2)*54)*((2*0.09)+(2*0.21)+0.07))*0.154 -> 83.5758 | H48: 12.55 | I48: =ROUND(G48*H48,2) -> 1048.88 | J48: =(I48+(I48*$J$4)) -> 1329.6652 | K48: (((3/0,20)*54)*((2*0,09)+(2*0,21)+0,07))*0,154 | L48: M linear {Qtd estribos [ qtd estribo p/ coluna (altura da coluna (3) /espaçamento (0,20))* qtd colunas] * M linear estribo [2*Largura (0,09) + 2*comprimento (0,21) + dobra (0,07)]} * massa da bitola de 5mm 0,154 KG/M
B49: 4.1.4 | C49: 103672 | D49: SINAPI | E49: CONCRETAGEM DE PILARES, FCK = 25 MPA, COM USO DE BOMBA - LANÇAMENTO, ADENSAMENTO E ACABAMENTO. | F49: m³ | G49: =3*0.15*0.3*54 -> 7.29 | H49: 723.39 | I49: =ROUND(G49*H49,2) -> 5273.51 | J49: =(I49+(I49*$J$4)) -> 6685.2286 | K49: 3*0,15*0,3*54 | L49: Área da base dos 54 pilares * altura
B50: 4.2 | E50: CONCRETO ARMADO - VIGAS | I50: =SUM(I51:I54) -> 18681.53 | J50: =SUM(J51:J54) -> 23682.576 | K50: CONCRETO ARMADO - VIGAS
B51: 4.2.1 | C51: 92479 | D51: SINAPI | E51: MONTAGEM E DESMONTAGEM DE FÔRMA DE VIGA, ESCORAMENTO COM GARFO DE MADEIRA, PÉ-DIREITO SIMPLES, EM CHAPA DE MADEIRA PLASTIFICADA, 18 UTILIZAÇ ÕES. | F51: m² | G51: =(109.73*0.3 * 2)+16.46 + (71.2*0.3*0.2)*2 -> 90.842 | H51: 64.75 | I51: =ROUND(G51*H51,2) -> 5882.02 | J51: =(I51+(I51*$J$4)) -> 7456.6368 | K51: (109,73*0,3 * 2)+16,46 + (71,2*0,3*0,2)*2 | L51: m linear das vigas * altura *2 lados+ área da base | P51: =17.2 + 14.66 + 14.55 + 16.5 + 14.9 + 12.4 + 12.2 + 14.2 + 10.4 + 10.4 + 18.5 + 54.6 -> 210.51
B52: 4.2.2 | C52: 92762 | D52: SINAPI | E52: ARMAÇÃO DE PILAR OU VIGA DE ESTRUTURA CONVENCIONAL DE CONCRETO ARMADO UTILIZANDO AÇO CA-50 DE 10,0 MM - MONTAGEM. | F52: kg | G52: =252.13*6*0.617 -> 933.38526 | H52: 9.9 | I52: =ROUND(G52*H52,2) -> 9240.51 | J52: =(I52+(I52*$J$4)) -> 11714.195 | K52: 252,13*6*0,617 | L52: m linear das vigas * qtd barras (6 Ø 10mm)* massa nominal da bitola de 10mm (0,617kg/m)
B53: 4.2.3 | C53: 92759 | D53: SINAPI | E53: ARMAÇÃO DE PILAR OU VIGA DE ESTRUTURA CONVENCIONAL DE CONCRETO ARMADO UTILIZANDO AÇO CA-60 DE 5,0 MM - MONTAGEM. | F53: kg | G53: =(252.13/0.2)*((2*0.1)+(2*0.25)+0.07)*0.154 -> 149.48788 | H53: 12.55 | I53: =ROUND(G53*H53,2) -> 1876.07 | J53: =(I53+(I53*$J$4)) -> 2378.2939 | K53: (252,13/0,2)*((2*0,1)+(2*0,25)+0,07)*0,154 | L53: M linear {Qtd estribos [qtd estribo p/ viga (m linear da viga /espaçamento (0,20))] * M linear estribo [2*Largura (0,09) + 2*comprimento (0,21) + dobra (0,07)]} * massa bitola de 5mm 0,154 KG/M
B54: 4.2.4 | C54: 103674 | D54: SINAPI | E54: CONCRETAGEM DE VIGAS E LAJES, FCK=25 MPA, PARA LAJES PREMOLDADAS COM USO DE BOMBA - LANÇAMENTO, ADENSAMENTO E ACABAMENTO. | F54: m³ | G54: =37.82*0.3*0.2 -> 2.2692 | H54: 741.64 | I54: =ROUND(G54*H54,2) -> 1682.93 | J54: =(I54+(I54*$J$4)) -> 2133.4504 | K54: 37,82*0,3*0,2 | L54: area da base das vigas * altura ( construção e muro)
B55: 4.3 | E55: CONCRETO ARMADO - LAJES DE FORRO | I55: =SUM(I56) -> 29667.95 | J55: =SUM(J56) -> 37610.06 | K55: CONCRETO ARMADO - LAJES DE FORRO
B56: 4.3.1 | C56: 101964 | D56: SINAPI | E56: LAJE PRÉ-MOLDADA UNIDIRECIONAL, BIAPOIADA, PARA FORRO, ENCHIMENTO EM CERÂMICA, VIGOTA CONVENCIONAL, ALTURA TOTAL DA LAJE (ENCHIMENTO+CAPA) = (8+3). | F56: m² | G56: 156.18 | H56: 189.96 | I56: =ROUND(G56*H56,2) -> 29667.95 | J56: =(I56+(I56*$J$4)) -> 37610.06 | K56: 156.18 | L56: área das lajes
B57: 4.4 | E57: CONCRETO ARMADO - VERGAS E CONTRAVERGAS | I57: =SUM(I58:I59) -> 1857.36 | J57: =SUM(J58:J59) -> 2354.5753 | K57: CONCRETO ARMADO - VERGAS E CONTRAVERGAS
B58: 4.4.1 | C58: 93184 | D58: SINAPI | E58: VERGA PRÉ-MOLDADA COM ATÉ 1,5 M DE VÃO, ESPESSURA DE *20* CM. | F58: m | G58: =(((3*0.6)+(8*1.5)+(2*2))+((6*0.8)+(2*0.9)+(1*0.8)+(2*1.5)))*1.4 -> 39.48 | H58: 29.17 | I58: =ROUND(G58*H58,2) -> 1151.63 | J58: =(I58+(I58*$J$4)) -> 1459.9214 | K58: (((3*0,6)+(8*1,5)+(2*2))+((6*0,8)+(2*0,9)+(1*0,8)+(2*1,5)))*1,4 | L58: m linear janelas + m linear portas + 20% de cada lado = 40% = 1,4
B59: 4.4.2 | C59: 93194 | D59: SINAPI | E59: CONTRAVERGA PRÉ-MOLDADA, ESPESSURA DE *20* CM. | F59: m | G59: =((3*0.6)+(8*1.5)+(2*2))*1.4 -> 24.92 | H59: 28.32 | I59: =ROUND(G59*H59,2) -> 705.73 | J59: =(I59+(I59*$J$4)) -> 894.65392 | K59: ((3*0,60)+(8*1,5)+(2*2))*1,4 | L59: m linear janelas + 20% de cada lado = 40% = 1,4
B61: 5 | E61: SISTEMAS DE VEDAÇÃO VERTICAL | I61: =SUM(I62) -> 34001.13 | J61: =SUM(J62) -> 43103.233 | K61: SISTEMAS DE VEDAÇÃO VERTICAL
B62: 5.1 | C62: 103356 | D62: SINAPI | E62: ALVENARIA DE VEDAÇÃO DE BLOCOS CERÂMICOS FURADOS NA HORIZONTAL DE 9X19X29 CM (ESPESSURA 9 CM) E ARGAMASSA DE ASSENTAMENTO COM PREPARO EM BET ONEIRA. | F62: m² | G62: =180.93*3+120 -> 662.79 | H62: 51.3 | I62: =ROUND(G62*H62,2) -> 34001.13 | J62: =(I62+(I62*$J$4)) -> 43103.233 | K62: 180,93*3 + 120 m² | L62: area externa das paredes da construção e platibanda + muro = (perimetro*pe direito) - ( construção e muro)
B64: 6 | E64: ESQUADRIAS | I64: =SUM(I65,I68,I71,I73,I78) -> 25204.93 | J64: =SUM(J65,J68,J71,J73,J78) -> 31952.29 | K64: ESQUADRIAS
B65: 6.1 | E65: PORTAS DE MADEIRA | I65: =SUM(I66:I67) -> 8708.98 | J65: =SUM(J66:J67) -> 11040.374 | K65: PORTAS DE MADEIRA
B66: 6.1.1 | C66: 100684 | D66: SINAPI | E66: KIT DE PORTA DE MADEIRA PARA VERNIZ, SEMI-OCA (LEVE OU MÉDIA), PADRÃO POPULAR, 80X210CM, ESPESSURA DE 3,5CM, ITENS INCLUSOS: DOBRADIÇAS, MON TAGEM E INSTALAÇÃO DE BATENTE, FECHADURA COM EXECUÇÃO DO FURO - FORNEC IMENTO E INSTALAÇÃO. | F66: un | G66: 8 | H66: 862.58 | I66: =ROUND(G66*H66,2) -> 6900.64 | J66: =(I66+(I66*$J$4)) -> 8747.9413 | K66: 8 | L66: Unidade
B67: 6.1.2 | C67: 100686 | D67: SINAPI | E67: KIT DE PORTA DE MADEIRA PARA VERNIZ, SEMI-OCA (LEVE OU MÉDIA), PADRÃO POPULAR, 90X210CM, ESPESSURA DE 3CM, ITENS INCLUSOS: DOBRADIÇAS, MONTA GEM E INSTALAÇÃO DE BATENTE, FECHADURA COM EXECUÇÃO DO FURO - FORNECIM ENTO E INSTALAÇÃO. | F67: un | G67: 2 | H67: 904.17 | I67: =ROUND(G67*H67,2) -> 1808.34 | J67: =(I67+(I67*$J$4)) -> 2292.4326 | K67: 2 | L67: Unidade
B68: 6.2 | E68: FERRAGENS E ACESSÓRIOS | I68: =SUM(I69:I70) -> 1140.73 | J68: =SUM(J69:J70) -> 1446.1034 | K68: FERRAGENS E ACESSÓRIOS
B69: 6.2.1 | C69: 100874 | D69: SINAPI | E69: PUXADOR PARA PCD, FIXADO NA PORTA - FORNECIMENTO E INSTALAÇÃO. | F69: un | G69: 2 | H69: 349.9 | I69: =ROUND(G69*H69,2) -> 699.8 | J69: =(I69+(I69*$J$4)) -> 887.13646 | K69: 2 | L69: Unidade
B70: 6.2.2 | C70: ED-50965 | D70: SETOP | E70: FORNECIMENTO DE MARCO EM CHAPA METÁLICA, INCLUSIVE ASSENTAMENTO, EXCLUSIVE PORTA | F70: un | G70: 1 | H70: 440.93 | I70: =ROUND(G70*H70,2) -> 440.93 | J70: =(I70+(I70*$J$4)) -> 558.96696 | K70: 1 | L70: Unidade
B71: 6.3 | E71: PORTAS DE ALUMÍNIO E VIDRO | I71: =SUM(I72) -> 2921.94 | J71: =SUM(J72) -> 3704.1433 | K71: PORTAS DE ALUMÍNIO
B72: 6.3.1 | C72: 100702 | D72: SINAPI | E72: PORTA DE CORRER DE ALUMÍNIO, COM DUAS FOLHAS PARA VIDRO, INCLUSO VIDRO LISO INCOLOR, FECHADURA E PUXADOR, SEM ALIZAR. | F72: m² | G72: =1.5*2.1*2 -> 6.3 | H72: 463.8 | I72: =ROUND(G72*H72,2) -> 2921.94 | J72: =(I72+(I72*$J$4)) -> 3704.1433 | K72: 1,5*2,1*2 | L72: Porta de vidro de vidro de correr
B73: 6.4 | E73: JANELAS DE ALUMÍNIO E VIDRO | I73: =SUM(I74:I77) -> 9162.2 | J73: =SUM(J74:J77) -> 11614.921 | K73: JANELAS DE ALUMÍNIO E VIDRO
B74: 6.4.1 | C74: 94569 | D74: SINAPI | E74: JANELA DE ALUMÍNIO TIPO MAXIM-AR, COM VIDROS, BATENTE E FERRAGENS. EXCLUSIVE ALIZAR, ACABAMENTO E CONTRAMARCO. FORNECIMENTO E INSTALAÇÃO. | F74: m² | G74: =(0.6*0.6)*3 -> 1.08 | H74: 628.5 | I74: =ROUND(G74*H74,2) -> 678.78 | J74: =(I74+(I74*$J$4)) -> 860.48941 | K74: (0,60*0,60)*3 | L74: Área * quantidade
B75: 6.4.2 | C75: 94570 | D75: SINAPI | E75: JANELA DE ALUMÍNIO DE CORRER COM 2 FOLHAS PARA VIDROS, COM VIDROS, BATENTE, ACABAMENTO COM ACETATO OU BRILHANTE E FERRAGENS. EXCLUSIVE ALIZAR E CONTRAMARCO. FORNECIMENTO E INSTALAÇÃO. | F75: m² | G75: =1.5*1.2*8 -> 14.4 | H75: 325.58 | I75: =ROUND(G75*H75,2) -> 4688.35 | J75: =(I75+(I75*$J$4)) -> 5943.4213 | K75: (1,5*1,2)*8 | L75: Área * quantidade
B76: 6.4.3 | C76: 94573 | D76: SINAPI | E76: JANELA DE ALUMÍNIO DE CORRER COM 4 FOLHAS PARA VIDROS, COM VIDROS, BATENTE, ACABAMENTO COM ACETATO OU BRILHANTE E FERRAGENS. EXCLUSIVE ALIZA R E CONTRAMARCO. FORNECIMENTO E INSTALAÇÃO. | F76: m² | G76: =(2*1.2)*2 -> 4.8 | H76: 376.68 | I76: =ROUND(G76*H76,2) -> 1808.06 | J76: =(I76+(I76*$J$4)) -> 2292.0777 | K76: (2,00*1,2)*2 | L76: Área * quantidade
B77: 6.4.4 | C77: 101965 | D77: SINAPI | E77: PEITORIL LINEAR EM GRANITO OU MÁRMORE, L = 15CM, COMPRIMENTO DE ATÉ 2M, ASSENTADO COM ARGAMASSA 1:6 COM ADITIVO. | F77: m | G77: =1.5*8+0.6*3+2*2 -> 17.8 | H77: 111.63 | I77: =ROUND(G77*H77,2) -> 1987.01 | J77: =(I77+(I77*$J$4)) -> 2518.9326 | K77: 1,5*8+0,6*3+2*2 | L77: m linear peitoril
B78: 6.5 | E78: PORTÕES | I78: =SUM(I79:I80) -> 3271.08 | J78: =SUM(J79:J80) -> 4146.7481 | K78: PORTÕES
B79: 6.5.1 | C79: ED-50982 | D79: SINAPI | E79: PORTÃO EM CHAPA DE AÇO GALVANIZADO, TIPO LAMBRIL, ESP. 1, 25MM (GSG-18), EXCLUSIVE CADEADO E PINTURA - PORTÃO SOCIAL | F79: m² | G79: =0.8*2.1 -> 1.68 | H79: 409.91 | I79: =ROUND(G79*H79,2) -> 688.65 | J79: =(I79+(I79*$J$4)) -> 873.0016 | K79: 0,8*2,1 | L79: Área do portão social
B80: 6.5.2 | C80: ED-50982 | D80: SETOP | E80: PORTÃO EM CHAPA DE AÇO GALVANIZADO, TIPO LAMBRIL, ESP. 1, 25MM (GSG-18), EXCLUSIVE CADEADO E PINTURA | F80: m² | G80: =3*2.1 -> 6.3 | H80: 409.91 | I80: =ROUND(G80*H80,2) -> 2582.43 | J80: =(I80+(I80*$J$4)) -> 3273.7465 | K80: 3*2,1 | L80: Área do portão
B82: 7 | E82: SISTEMAS DE COBERTURA | I82: =SUM(I83:I85) -> 66408.44 | J82: =SUM(J83:J85) -> 84185.979 | K82: SISTEMAS DE COBERTURA
B83: 7.1 | C83: ED-48407 | D83: SETOP | E83: ENGRADAMENTO PARA TELHAS CERÂMICA OU CONCRETO EM MADEIRA PARAJU | F83: m² | G83: =190.38*1.3 -> 247.494 | H83: 141.82 | I83: =ROUND(G83*H83,2) -> 35099.6 | J83: =(I83+(I83*$J$4)) -> 44495.763 | K83: 190,38 + 30% de inclinação | L83: Área do telhado
B84: 7.2 | C84: ED-48421 | D84: SETOP | E84: COBERTURA EM TELHA CERÂMICA, TIPO COLONIAL, INCLUSIVE FIXAÇÃO, EXCLUSIVE ENGRADAMENTO E MANTA ISOLANTE/ TÉRMICA | F84: m² | G84: =190.38*1.3 -> 247.494 | H84: 122,04 | I84: =ROUND(G84*H84,2) -> 30204.17 | J84: =(I84+(I84*$J$4)) -> 38289.826 | K84: 190,38 + 30% de inclinação | L84: Área do telhado
B85: 7.3 | C85: 94221 | D85: SINAPI | E85: CUMEEIRA PARA TELHA CERÂMICA EMBOÇADA COM ARGAMASSA TRAÇO 1:2:9 (CIMENTO, CAL E AREIA) PARA TELHADOS COM ATÉ 2 ÁGUAS, INCLUSO TRANSPORTE VER TICAL. | F85: m | G85: =16.4+4.3+(4*4) -> 36.7 | H85: 30.1 | I85: =ROUND(G85*H85,2) -> 1104.67 | J85: =(I85+(I85*$J$4)) -> 1400.3902 | K85: 16,4+4,3+(4*4) | L85: perimetro da cumeeira
B87: 8 | E87: IMPERMEABILIZAÇÃO | I87: =SUM(I88) -> 4317.35 | J87: =SUM(J88) -> 5473.1046 | K87: IMPERMEABILIZAÇÃO
B88: 8.1 | C88: 98557 | D88: SINAPI | E88: IMPERMEABILIZAÇÃO DE SUPERFÍCIE COM EMULSÃO ASFÁLTICA, 2 DEMÃOS. | F88: m² | G88: =180.93*0.3*2 -> 108.558 | H88: 39.77 | I88: =ROUND(G88*H88,2) -> 4317.35 | J88: =(I88+(I88*$J$4)) -> 5473.1046 | K88: 180,93*0,3*2 | L88: area da base + (m linear * altura (0,3)*2 lados)
B90: 9 | E90: REVESTIMENTOS INTERNO E EXTERNO | I90: =SUM(I91:I94) -> 64861.41 | J90: =SUM(J91:J94) -> 82224.809 | K90: REVESTIMENTOS INTERNO E EXTERNO
B91: 9.1 | C91: ED-50731 | D91: SETOP | E91: CHAPISCO COM ARGAMASSA INDUSTRIALIZADA, ESP. 5MM, APLICADO EM ALVENARIA/ESTRUTURA DE CONCRETO COM DESEMPENADEIRA METÁLICA, INCLUSIVE ARGAMASSA COM PREPARO MECANIZADO. | F91: m² | G91: =318.86*3 -> 956.58 | H91: 13.25 | I91: =ROUND(G91*H91,2) -> 12674.69 | J91: =(I91+(I91*$J$4)) -> 16067.705 | K91: 318,86*3 | L91: (Perimetro interno * pe direito) + area das predes externas + muro
B92: 9.2 | C92: ED-50761 | D92: SETOP | E92: REBOCO COM ARGAMASSA, TRAÇO 1:2:8 (CIMENTO, CAL E AREIA), ESP. 20MM, APLICAÇÃO MANUAL, INCLUSIVE ARGAMASSA COM PREPARO MECANIZADO, EXCLUSIVE CHAPISCO | F92: m² | G92: =318.86*3 -> 956.58 | H92: 32.27 | I92: =ROUND(G92*H92,2) -> 30868.84 | J92: =(I92+(I92*$J$4)) -> 39132.428 | K92: 318,86*3 | L92: (Perimetro interno * pe direito) + area das predes externas + muro
B93: 9.3 | C93: 87543 | D93: SINAPI | E93: MASSA ÚNICA, EM ARGAMASSA INDUSTRIALIZADA, PREPARO MECÂNICO, APLICADA COM EQUIPAMENTO DE MISTURA E PROJEÇÃO DE ARGAMASSA EM PAREDES INTERNAS , E = 5MM, SEM TALISCAS. | F93: m² | G93: =219.46*3 -> 658.38 | H93: 21.65 | I93: =ROUND(G93*H93,2) -> 14253.93 | J93: =(I93+(I93*$J$4)) -> 18069.707 | K93: 219,46*3 | L93: (Perimetro interno * pe direito
B94: 9.4 | C94: ED-9081 | D94: SINAPI | E94: REVESTIMENTO COM CERÂMICA APLICADO EM PAREDE, ACABAMENTO ESMALTADO, AMBIENTE INTERNO/EXTERNO, PADRÃO EXTRA, DIMENSÃO DA PEÇA ATÉ 2025 CM2, PEI III, ASSENTAMENTO COM ARGAMASSA INDUSTRIALIZADA, INCLUSIVE REJUNTAMENTO | F94: m² | G94: =33.48*3 -> 100.44 | H94: 70.33 | I94: =ROUND(G94*H94,2) -> 7063.95 | J94: =(I94+(I94*$J$4)) -> 8954.9694 | K94: 33,48*3 | L94: (Perimetro interno * pe direito)
B96: 10 | E96: SISTEMAS DE PISOS | I96: =SUM(I97,I103) -> 29591.88 | J96: =SUM(J97,J103) -> 37513.626 | K96: SISTEMAS DE PISOS
B97: 10.1 | E97: PAVIMENTAÇÃO INTERNA E EXTERNA | I97: =SUM(I98:I102) -> 27544.34 | J97: =SUM(J98:J102) -> 34917.96 | K97: PAVIMENTAÇÃO INTERNA
B98: 10.1.1 | C98: ED-50569 | D98: SETOP | E98: CONTRAPISO DESEMPENADO COM ARGAMASSA, TRAÇO 1:3 (CIMENTO E AREIA), ESP. 50MM | F98: m² | G98: =139.36 + 70.66 -> 210.02 | H98: 56.65 | I98: =ROUND(G98*H98,2) -> 11897.63 | J98: =(I98+(I98*$J$4)) -> 15082.626 | K98: 139,36 + 70,66 | L98: Area do contrapiso
B99: 10.1.2 | C99: ED-50543 | D99: SETOP | E99: REVESTIMENTO COM CERÂMICA APLICADO EM PISO, ACABAMENTO ESMALTADO, AMBIENTE EXTERNO (ANTIDERRAPANTE), PADRÃO EXTRA, DIMENSÃO DA PEÇA ATÉ 2025 CM2, PEI V, ASSENTAMENTO COM ARGAMASSA INDUSTRIALIZADA, INCLUSIVE REJUNTAMENTO | F99: m² | G99: 70.66 | H99: 65.84 | I99: =ROUND(G99*H99,2) -> 4652.25 | J99: =(I99+(I99*$J$4)) -> 5897.6573 | K99: 70.66 | L99: Area do contrapiso
B100: 10.1.3 | C100: ED-50722 | D100: SETOP | E100: REVESTIMENTO COM CERÂMICA APLICADO EM PISO, ACABAMENTO ESMALTADO, AMBIENTE INTERNO, PADRÃO EXTRA, DIMENSÃO DA PEÇA ATÉ 2025 CM2, PEI IV, ASSENTAMENTO COM ARGAMASSA INDUSTRIALIZADA, INCLUSIVE REJUNTAMENTO | F100: m² | G100: 139.36 | H100: 57.2 | I100: =ROUND(G100*H100,2) -> 7971.39 | J100: =(I100+(I100*$J$4)) -> 10105.331 | K100: 139.36 | L100: Area do contrapiso
B101: 10.1.4 | C101: 88650 | D101: SINAPI | E101: RODAPÉ CERÂMICO DE 7CM DE ALTURA COM PLACAS TIPO ESMALTADA EXTRA DE DI M CR 15,22 MENSÕES 60X60CM. | F101: m | G101: =(8.9+ 11.9+ 12.4+ 12.2+ 23+ 14.9+ 23.3+ 18.7+ 7.7+ 7.7+ 21.2+ 5.2) -> 167.1 | H101: 15.22 | I101: =ROUND(G101*H101,2) -> 2543.26 | J101: =(I101+(I101*$J$4)) -> 3224.0907 | K101: (8,9+ 11,9+ 12,4+ 12,2+ 23+ 14,9+ 23,3+ 18,7+ 7,7+ 7,7+ 21,2+ 5,2) | L101: perimetro interno
B102: 10.1.5 | C102: 98689 | D102: SINAPI | E102: SOLEIRA EM GRANITO, LARGURA 15 CM, ESPESSURA 2,0 CM. | F102: m | G102: =0.9*2+1.5*2+0.8 -> 5.6 | H102: 85.68 | I102: =ROUND(G102*H102,2) -> 479.81 | J102: =(I102+(I102*$J$4)) -> 608.25514 | K102: 0,9*2+1,5*2+0,8 | L102: M linear das soleiras
B103: 10.2 | E103: PAVIMENTAÇÃO EXTERNA | I103: =SUM(I104) -> 2047.54 | J103: =SUM(J104) -> 2595.6665 | K103: PAVIMENTAÇÃO EXTERNA
B104: 10.2.1 | C104: 98679 | D104: SINAPI | E104: PISO CIMENTADO, TRAÇO 1:3 (CIMENTO E AREIA), ACABAMENTO LISO, ESPESSURA 2,0 CM, PREPARO MECÂNICO DA ARGAMASSA. | F104: m² | G104: 57.84 | H104: 35.4 | I104: =ROUND(G104*H104,2) -> 2047.54 | J104: =(I104+(I104*$J$4)) -> 2595.6665 | K104: 57.84 | L104: Área concretada fira pisos
B106: 11 | E106: PINTURAS E ACABAMENTOS | I106: =SUM(I107:I111) -> 22516.01 | J106: =SUM(J107:J111) -> 28543.546 | K106: PINTURAS E ACABAMENTOS
B107: 11.1 | C107: ED-50514 | D107: SETOP | E107: PREPARAÇÃO PARA EMASSAMENTO OU PINTURA (LÁTEX/ ACRÍLICA) EM PAREDE, INCLUSIVE UMA (1) DEMÃO DE SELADOR ACRÍLICO | F107: m² | G107: =((8.9+ 11.9+ 12.4+ 12.2+ 23+ 14.9+ 23.3+ 18.7+ 7.7+ 7.7+ 21.2+ 5.2)* 3)+ (25.56+ 17.44+ 40.55+ 24.83+ 16.99+ 13.62+ 17.45+ 12.14) + 427.2 -> 1097.08 | H107: 6.29 | I107: =ROUND(G107*H107,2) -> 6900.63 | J107: =(I107+(I107*$J$4)) -> 8747.9287 | K107: ((8,9+ 11,9+ 12,4+ 12,2+ 23+ 14,9+ 23,3+ 18,7+ 7,7+ 7,7+ 21,2+ 5,2)* 3)+ (25,56+ 17,44+ 40,55+ 24,83+ 16,99+ 13,62+ 17,45+ 12,14) + 427,2 | L107: (Perimetro interno * pe direito) + area das predes externas + MURO
B108: 11.2 | C108: 88488 | D108: SINAPI | E108: PINTURA LÁTEX ACRÍLICA PREMIUM, APLICAÇÃO MANUAL EM TETO, DUAS DEMÃOS. | F108: m² | G108: 139.36 | H108: 13.32 | I108: =ROUND(G108*H108,2) -> 1856.28 | J108: =(I108+(I108*$J$4)) -> 2353.2062 | K108: 139.36 | L108: Área do teto
B109: 11.3 | C109: 88489 | D109: SINAPI | E109: PINTURA LÁTEX ACRÍLICA PREMIUM, APLICAÇÃO MANUAL EM PAREDES, DUAS DEMÃOS. | F109: m² | G109: =((8.9+ 11.9+ 12.4+ 12.2+ 23+ 14.9+ 23.3+ 18.7+ 7.7+ 7.7+ 21.2+ 5.2)* 3)+ (25.56+ 17.44+ 40.55+ 24.83+ 16.99+ 13.62+ 17.45+ 12.14) + 427.2 -> 1097.08 | H109: 11.27 | I109: =ROUND(G109*H109,2) -> 12364.09 | J109: =(I109+(I109*$J$4)) -> 15673.957 | K109: ((8,9+ 11,9+ 12,4+ 12,2+ 23+ 14,9+ 23,3+ 18,7+ 7,7+ 7,7+ 21,2+ 5,2)* 3)+ (25,56+ 17,44+ 40,55+ 24,83+ 16,99+ 13,62+ 17,45+ 12,14) + 427,2 | L109: (Perimetro interno * pe direito) + area das predes externas + MURO
B110: 11.4 | C110: ED-50495 | D110: SETOP | E110: PINTURA ESMALTE SINTÉTICO EM SUPERFÍCIES METÁLICAS, DUAS (2) DEMÃOS, INCLUSIVE UMA (1) DEMÃO DE FUNDO ANTICORROSIVO | F110: m² | G110: =7.98 * 2 -> 15.96 | H110: 34.28 | I110: =ROUND(G110*H110,2) -> 547.11 | J110: =(I110+(I110*$J$4)) -> 693.57135 | K110: 7,98 M² * 2 | L110: Área das portoes
B111: 11.5 | C111: 102219 | D111: SINAPI | E111: PINTURA TINTA DE ACABAMENTO (PIGMENTADA) ESMALTE SINTÉTICO ACETINADO EM MADEIRA, 2 DEMÃOS. | F111: m² | G111: =((0.8*2.1)*7+(0.9*2.1)*2+(3*2.5)+(0.8*2.1))*2 -> 49.44 | H111: 17.15 | I111: =ROUND(G111*H111,2) -> 847.9 | J111: =(I111+(I111*$J$4)) -> 1074.8828 | K111: ((0,8*2,1)*7+(0,9*2,1)*2+(3*2,5)+(0,8*2,1))*2 | L111: Área das portas
B113: 12 | E113: INSTALAÇÃO HIDRÁULICA | I113: =SUM(I114,I126) -> 1827.39 | J113: =SUM(J114,J126) -> 2316.5823 | K113: INSTALAÇÃO HIDRÁULICA
...

Sheet CRONOGRAMA
B1: CRONOGRAMA FISICO FINANCEIRO
B2: OBJETO: | D2: CONSTRUÇÃO DO CRAS DE GUARDA DOS FERREIROS | N2: REFERÊNCIA DE PREÇOS: | P2: EXECUÇÃO: | Q2: INDIRETA
P3: DATA: | Q3: 45518
B4: ENDEREÇO: | D4: RUA JUVENAL RESENDE DA SILVA | N4: =ORÇAMENTO!G4 -> SETOP 08/2023 | P4: BDI: | Q4: 0.2677
N5: =ORÇAMENTO!G5 -> SINAPI 03/2024
B7: ITEM | C7: DESCRIÇÃO DOS SERVIÇOS | D7: VALOR (R$) | E7: % ITEM | F7: 1 | G7: 2 | H7: 3 | I7: 4 | J7: 5 | K7: 6 | L7: 7 | M7: 8 | N7: 9 | O7: 10 | P7: 11 | Q7: 12
F9: =D10*F10 -> 42710.613
B10: 1 | C10: SERVIÇOS PRELIMINARES | D10: =ORÇAMENTO!J9 -> 42710.613 | E10: =D10/$D$47 -> 0.075374168 | F10: 1
F11: =D12*F12 -> 924.63503
B12: 2 | C12: MOVIMENTO DE TERRA PARA FUNDAÇÕES | D12: =ORÇAMENTO!J23 -> 924.63503 | E12: =D12/$D$47 -> 0.0016317629 | F12: 1
F13: =D14*F14 -> 33214.862 | G13: =D14*G14 -> 33214.862
B14: 3 | C14: =ORÇAMENTO!E28 -> FUNDAÇÕES | D14: =ORÇAMENTO!J28 -> 66429.724 | E14: =D14/$D$47 -> 0.11723281 | F14: 0.5 | G14: 0.5
G15: =D16*G16 -> 27953.178 | H15: =D16*H16 -> 27953.178 | I15: =D16*I16 -> 27953.178
B16: 4 | C16: =ORÇAMENTO!E44 -> SUPERESTRUTURA | D16: =ORÇAMENTO!J44 -> 83859.534 | E16: =D16/$D$47 -> 0.14799232 | G16: =1/3 -> 0.33333333 | H16: =1/3 -> 0.33333333 | I16: =1/3 -> 0.33333333
I17: =D18*I18 -> 21551.616 | J17: =D18*J18 -> 21551.616
B18: 5 | C18: =ORÇAMENTO!E61 -> SISTEMAS DE VEDAÇÃO VERTICAL | D18: =ORÇAMENTO!J61 -> 43103.233 | E18: =D18/$D$47 -> 0.076067049 | I18: 0.5 | J18: 0.5
J19: =D20*J20 -> 15976.145 | K19: =D20*K20 -> 15976.145
B20: 6 | C20: =ORÇAMENTO!E64 -> ESQUADRIAS | D20: =ORÇAMENTO!J64 -> 31952.29 | E20: =D20/$D$47 -> 0.056388263 | J20: 0.5 | K20: 0.5
I21: =D22*I22 -> 42092.99 | J21: =D22*J22 -> 42092.99
B22: 7 | C22: =ORÇAMENTO!E82 -> SISTEMAS DE COBERTURA | D22: =ORÇAMENTO!J82 -> 84185.979 | E22: =D22/$D$47 -> 0.14856842 | I22: 0.5 | J22: 0.5
G23: =D24*G24 -> 5473.1046
B24: 8 | C24: =ORÇAMENTO!E87 -> IMPERMEABILIZAÇÃO | D24: =ORÇAMENTO!J87 -> 5473.1046 | E24: =D24/$D$47 -> 0.00965874 | G24: 1
K25: =D26*K26 -> 41112.405 | L25: =D26*L26 -> 41112.405
B26: 9 | C26: =ORÇAMENTO!E90 -> REVESTIMENTOS INTERNO E EXTERNO | D26: =ORÇAMENTO!J90 -> 82224.809 | E26: =D26/$D$47 -> 0.14510741 | K26: 0.5 | L26: 0.5
J27: =D28*J28 -> 9378.4066 | K27: =D28*K28 -> 9378.4066 | L27: =D28*L28 -> 9378.4066 | M27: =D28*M28 -> 9378.4066
B28: 10 | C28: =ORÇAMENTO!E96 -> SISTEMAS DE PISOS | D28: =ORÇAMENTO!J96 -> 37513.626 | E28: =D28/$D$47 -> 0.066202711 | J28: 0.25 | K28: 0.25 | L28: 0.25 | M28: 0.25
O29: =D30*O30 -> 14271.773 | P29: =D30*P30 -> 14271.773
B30: 11 | C30: =ORÇAMENTO!E106 -> PINTURAS E ACABAMENTOS | D30: =ORÇAMENTO!J106 -> 28543.546 | E30: =D30/$D$47 -> 0.050372633 | O30: 0.5 | P30: 0.5
L31: =D32*L32 -> 1158.2912 | M31: =D32*M32 -> 1158.2912
B32: 12 | C32: =ORÇAMENTO!E113 -> INSTALAÇÃO HIDRÁULICA | D32: =ORÇAMENTO!J113 -> 2316.5823 | E32: =D32/$D$47 -> 0.0040882219 | L32: 0.5 | M32: 0.5
L33: =D34*L34 -> 5314.6865 | M33: =D34*M34 -> 5314.6865
B34: 13 | C34: =ORÇAMENTO!E133 -> INSTALAÇÃO SANITÁRIA | D34: =ORÇAMENTO!J133 -> 10629.373 | E34: =D34/$D$47 -> 0.018758339 | L34: 0.5 | M34: 0.5
N35: =D36*N36 -> 6419.8039 | O35: =D36*O36 -> 6419.8039
B36: 14 | C36: =ORÇAMENTO!E153 -> LOUÇAS, ACESSÓRIOS E METAIS | D36: =ORÇAMENTO!J153 -> 12839.608 | E36: =D36/$D$47 -> 0.022658883 | N36: 0.5 | O36: 0.5
O37: =D38*O38 -> 11149.288 | P37: =D38*P38 -> 11149.288
B38: 15 | C38: =ORÇAMENTO!E170 -> INSTALAÇÃO ELÉTRICA - 220V | D38: =ORÇAMENTO!J170 -> 22298.577 | E38: =D38/$D$47 -> 0.039351734 | O38: 0.5 | P38: 0.5
Q39: =D40*Q40 -> 6285.5989
B40: 16 | C40: SERVIÇOS COMPLEMENTARES | D40: =ORÇAMENTO!J198 -> 6285.5989 | E40: =D40/$D$47 -> 0.011092601 | Q40: 1
Q41: =D42 -> 2537.91
B42: 17 | C42: =ORÇAMENTO!E203 -> SERVIÇOS FINAIS | D42: =ORÇAMENTO!J203 -> 2537.91 | E42: =D42/$D$47 -> 0.0044788132 | Q42: 1
F43: =D44*F44 -> 2819.1437
B44: 18 | C44: =ORÇAMENTO!E206 -> MOBILIZAÇÃO E DESMOBILIZAÇÃO | D44: =ORÇAMENTO!J206 -> 2819.1437 | E44: =D44/$D$47 -> 0.0049751244 | F44: 1
B47: VALORES TOTAIS | D47: =SUM(D10:D44) -> 566647.89 | E47: =SUM(E10:E44) -> 1 | F47: =SUM(F9,F11,F13,F15,F17,F19,F21,F23,F25,F27,F29,F31,F33,F35,F37,F41,F43) -> 79669.254 | G47: =SUM(G9,G11,G13,G15,G17,G19,G21,G23,G25,G27,G29,G31,G33,G35,G37,G41,G43) -> 66641.144 | H47: =SUM(H9,H11,H13,H15,H17,H19,H21,H23,H25,H27,H29,H31,H33,H35,H37,H41,H43) -> 27953.178 | I47: =SUM(I9,I11,I13,I15,I17,I19,I21,I23,I25,I27,I29,I31,I33,I35,I37,I41,I43) -> 91597.784 | J47: =SUM(J9,J11,J13,J15,J17,J19,J21,J23,J25,J27,J29,J31,J33,J35,J37,J41,J43) -> 88999.157 | K47: =SUM(K9,K11,K13,K15,K17,K19,K21,K23,K25,K27,K29,K31,K33,K35,K37,K41,K43) -> 66466.956 | L47: =SUM(L9,L11,L13,L15,L17,L19,L21,L23,L25,L27,L29,L31,L33,L35,L37,L41,L43) -> 56963.789 | M47: =SUM(M9,M11,M13,M15,M17,M19,M21,M23,M25,M27,M29,M31,M33,M35,M37,M41,M43) -> 15851.384 | ... P47: =SUM(P9,P11,P13,P15,P17,P19,P21,P23,P25,P27,P29,P31,P33,P35,P37,P41,P43) -> 25421.061 | Q47: =SUM(Q9,Q11,Q13,Q15,Q17,Q19,Q21,Q23,Q25,Q27,Q29,Q31,Q33,Q35,Q37,Q39,Q41,Q43) -> 8823.5089 | R47: =SUM(F47:Q47) -> 566647.89
D48: =IF(D47=ORÇAMENTO!J209,"OK", "ERRO") -> OK

Sheet MEMORIA DE CALCULO
A1: MEMORIA DE CÁLCULO
A2: OBJETO: CONSTRUÇÃO DO CRAS DE GUARDA DOS FERREIROS
A3: ENDEREÇO: RUA JUVENAL RESENDE DA SILVA
A5: DESCRIÇÃO DOS SERVIÇOS | B5: UN. | C5: QUANT. | D5: CALCULO | E5: DESCRIÇÃO DOS QUANTITATIVOS
A7: SERVIÇOS PRELIMINARES
A8: =ORÇAMENTO!E10 -> FORNECIMENTO E COLOCAÇÃO DE PLACA DE OBRA EM CHAPA GALVANIZADA #26, ESP. 0,45 MM, PLOTADA COM ADESIVO VINÍLICO, AFIXADA COM REBITES 4,8X40 MM, EM ESTRUTURA METÁLICA DE METALON 20X20 MM, ESP. 1,25 MM, INCLUSIVE SUPORTE EM EUCALIPTO AUTOCLAVADO PINTADO COM TINTA PVA DUAS (2) DEMÃOS | B8: =ORÇAMENTO!F10 -> m² | C8: =ORÇAMENTO!G10 -> 4.5 | D8: =ORÇAMENTO!K10 -> 3,00x1,50 | E8: =ORÇAMENTO!L10 -> palca de obra 3,00x1,50
A9: =ORÇAMENTO!E11 -> MOBILIZAÇÃO E DESMOBILIZAÇÃO DE EQUIPAMENTO DE SONDAGEM A PERCUSSÃO COM ENSAIO DE PENETRAÇÃO PADRÃO (SPT) - (CUSTO FIXO) | B9: =ORÇAMENTO!F11 -> un | C9: =ORÇAMENTO!G11 -> 1 | D9: =ORÇAMENTO!K11 -> 1 | E9: =ORÇAMENTO!L11 -> MOBILIZAÇÃO E DESMOBILIZAÇÃO
A10: =ORÇAMENTO!E12 -> SONDAGEM A PERCUSSÃO COM ENSAIO DE PENETRAÇÃO PADRÃO (SPT), DIÂMETRO 2.1/2", EXCLUSIVE MOBILIZAÇÃO E DESMOBILIZAÇÃO | B10: =ORÇAMENTO!F12 -> m | C10: =ORÇAMENTO!G12 -> 20 | D10: =ORÇAMENTO!K12 -> 2 Furos x 10 m/l | E10: =ORÇAMENTO!L12 -> 2 Furos x 10 m/l
A11: =ORÇAMENTO!E13 -> PROJETO EXECUTIVO DE ESTRUTURA DE CONCRETO | B11: =ORÇAMENTO!F13 -> PR | C11: =ORÇAMENTO!G13 -> 6 | D11: =ORÇAMENTO!K13 -> 6 | E11: =ORÇAMENTO!L13 -> Prancha
A12: =ORÇAMENTO!E14 -> PROJETO EXECUTIVO DE INSTALAÇÕES ELÉTRICAS | B12: =ORÇAMENTO!F14 -> PR | C12: =ORÇAMENTO!G14 -> 2 | D12: =ORÇAMENTO!K14 -> 2 | E12: =ORÇAMENTO!L14 -> Prancha
A13: =ORÇAMENTO!E15 -> PROJETO EXECUTIVO DE INSTALAÇÕES HIDRO SANITÁRIAS | B13: =ORÇAMENTO!F15 -> PR | C13: =ORÇAMENTO!G15 -> 2 | D13: =ORÇAMENTO!K15 -> 2 | E13: =ORÇAMENTO!L15 -> Prancha
A14: =ORÇAMENTO!E16 -> TAPUME FIXO DE PROTEÇÃO PARA FECHAMENTO DE OBRA EM TELHA METÁLICA GALVANIZADA, TIPO TRAPEZOIDAL, ESP. 0,5MM, COM MÓDULO NA DIMENSÃO DE (300X220)CM, COM REAPROVEITAMENTO, EXCLUSIVE PINTURA ESMALTE, INCLUSIVE PONTALETE E FIXAÇÃO | B14: =ORÇAMENTO!F16 -> m² | C14: =ORÇAMENTO!G16 -> 42 | D14: =ORÇAMENTO!K16 -> 20*2,1 | E14: =ORÇAMENTO!L16 -> perimetro * altura da telha metalica
A15: =ORÇAMENTO!E17 -> LIGAÇÃO PROVISÓRIA COM ENTRADA DE ENERGIA AÉREA, PADRÃO CEMIG, CARGA INSTALADA DE 15,1KVA ATÉ 30KVA, TRIFÁSICO, COM SAÍDA SUBTERRÂNEA, INCLUSIVE POSTE, CAIXA PARA MEDIDOR, DISJUNTOR, BARRAMENTO, TERRAMENTO E ACESSÓRIOS | B15: =ORÇAMENTO!F17 -> un | C15: =ORÇAMENTO!G17 -> 1 | D15: =ORÇAMENTO!K17 -> 1 | E15: =ORÇAMENTO!L17 -> uma ligação de energia
A16: =ORÇAMENTO!E18 -> LIGAÇÃO DE ÁGUA PROVISÓRIA PARA CANTEIRO, INCLUSIVE HIDRÔMETRO E CAVALETE PARA MEDIÇÃO DE ÁGUA - ENTRADA PRINCIPAL, EM AÇO GALVANIZADO DN 20MM (1/2") - PADRÃO CONCESSIONÁRIA | B16: =ORÇAMENTO!F18 -> un | C16: =ORÇAMENTO!G18 -> 1 | D16: =ORÇAMENTO!K18 -> 1 | E16: =ORÇAMENTO!L18 -> uma ligação de água
A17: =ORÇAMENTO!E19 -> LOCAÇÃO DE CONTAINER COM ISOLAMENTO TÉRMICO, TIPO 3, PARA DEPÓSITO/FERRAMENTARIA DE OBRA, COM MEDIDAS REFERENCIAIS DE (6) METROS COMPRIMENTO, (2,3) METROS LARGURA E (2,5) METROS ALTURA ÚTIL INTERNA, INCLUSIVE LIGAÇÕES ELÉTRICAS INTERNAS, EXCLUSIVE MOBILIZAÇÃO/ DESMOBILIZAÇÃO E LIGAÇÕES PROVISÓRIAS EXTERNAS | B17: =ORÇAMENTO!F19 -> mês | C17: =ORÇAMENTO!G19 -> 8 | D17: =ORÇAMENTO!K19 -> 1 | E17: =ORÇAMENTO!L19 -> Unidade
A18: =ORÇAMENTO!E20 -> LOCAÇÃO DE OBRA COM GABARITO DE TÁBUAS CORRIDAS PONTALETADAS A CADA 2,00M, REAPROVEITAMENTO (2X), INCLUSIVE ACOMPANHAMENTO DE EQUIPE TOPOGRÁFICA PARA MARCAÇÃO DE PONTO TOPOGRÁFICO | B18: =ORÇAMENTO!F20 -> m | C18: =ORÇAMENTO!G20 -> 54.6 | D18: =ORÇAMENTO!K20 -> 54.6 | E18: =ORÇAMENTO!L20 -> Perimetro
A19: =ORÇAMENTO!E21 -> LIMPEZA MECANIZADA DE CAMADA VEGETAL, VEGETAÇÃO E PEQUENAS ÁRVORES (DIÂMETRO DE TRONCO MENOR QUE 0,20 M), COM TRATOR DE ESTEIRAS. | B19: =ORÇAMENTO!F21 -> m² | C19: =ORÇAMENTO!G21 -> 305.17 | D19: =ORÇAMENTO!K21 -> 305.17 | E19: =ORÇAMENTO!L21 -> area do lote
A21: MOVIMENTO DE TERRA PARA FUNDAÇÕES
A22: =ORÇAMENTO!E24 -> ESCAVAÇÃO MANUAL DE VALA COM PROFUNDIDADE MENOR OU IGUAL A 1,30 M. | B22: =ORÇAMENTO!F24 -> m³ | C22: =ORÇAMENTO!G24 -> 8.253 | D22: =ORÇAMENTO!K24 -> 27,51*0,3 | E22: =ORÇAMENTO!L24 -> Area da base * altura
A23: =ORÇAMENTO!E25 -> PREPARO DE FUNDO DE VALA COM LARGURA MAIOR OU IGUAL A 1,5 M E MENOR QUE 2,5 M (ACERTO DO SOLO NATURAL). | B23: =ORÇAMENTO!F25 -> m² | C23: =ORÇAMENTO!G25 -> 27.51 | D23: =ORÇAMENTO!K25 -> 27.51 | E23: =ORÇAMENTO!L25 -> Area da base
A24: =ORÇAMENTO!E26 -> REATERRO MANUAL DE VALAS, COM COMPACTADOR DE SOLOS DE PERCUSSÃO. | B24: =ORÇAMENTO!F26 -> m³ | C24: =ORÇAMENTO!G26 -> 2.751 | D24: =ORÇAMENTO!K26 -> 27,51*,01 | E24: =ORÇAMENTO!L26 -> Area da base * altura
A26: FUNDAÇÕES
A27: ESTACA
A28: =ORÇAMENTO!E30 -> ESTACA ESCAVADA MECANICAMENTE, SEM FLUIDO ESTABILIZANTE, COM 25CM DE DIÂMETRO, CONCRETO LANÇADO POR CAMINHÃO BETONEIRA (EXCLUSIVE MOBILIZAÇÃ O E DESMOBILIZAÇÃO). | B28: =ORÇAMENTO!F30 -> M | C28: =ORÇAMENTO!G30 -> 126 | D28: =ORÇAMENTO!K30 -> 30*3 + 24*1,5 | E28: =ORÇAMENTO!L30 -> Quantidade de estacas * profundidade ( construção e muro)
A29: =ORÇAMENTO!E31 -> ARMAÇÃO DE BLOCO UTILIZANDO AÇO CA-50 DE 10 MM - MONTAGEM. | B29: =ORÇAMENTO!F31 -> kg | C29: =ORÇAMENTO!G31 -> 599.724 | D29: =ORÇAMENTO!K31 -> 6*3*0,617*54 | E29: =ORÇAMENTO!L31 -> Qtd barras (6 Ø 10mm) * profundidade * massa nominal da bitola de 10mm (0,617 kg/m) * qtd estacas
A30: =ORÇAMENTO!E32 -> CORTE, DOBRA E MONTAGEM DE AÇO CA-60, DIÂMETRO (4,2MM A 5,0MM), INCLUSIVE ESPAÇADOR | B30: =ORÇAMENTO!F32 -> kg | C30: =ORÇAMENTO!G32 -> 82.99073 | D30: =ORÇAMENTO!K32 -> (3/0,20)*30+(1,5/0,20)*24* ((2*π*0,125)+0,07) * 0,154 | E30: =ORÇAMENTO!L32 -> M linear {Qtd. estribos[( Qtd. Estrib. p/ coluna (comprimento (3)/ espaçamento (0,20))* Nº estacas (20) ] * M linear estribo [((2*π*0,125)+0,07)] * 0,154 KG/M
A31: =ORÇAMENTO!E33 -> LASTRO DE CONCRETO MAGRO, APLICADO EM BLOCOS DE COROAMENTO OU SAPATAS, ESPESSURA DE 5 CM. | B31: =ORÇAMENTO!F33 -> m² | C31: =ORÇAMENTO!G33 -> 2.6507188 | D31: =ORÇAMENTO!K33 -> (π*(0,25)^2)/4 *54 | E31: =ORÇAMENTO!L33 -> (π*D(0,5)^2)/4 (área da estaca) * quantidade
A32: BLOCO
A33: =ORÇAMENTO!E36 -> ARMAÇÃO DE BLOCO UTILIZANDO AÇO CA-50 DE 10 MM - MONTAGEM. | B33: =ORÇAMENTO!F36 -> kg | C33: =ORÇAMENTO!G36 -> 399.816 | D33: =ORÇAMENTO!K36 -> 12 * 0,617* 54 | E33: =ORÇAMENTO!L36 -> M linear (12m = 1 barra) * 0,617 KG/M *quantidade ( construção e muro)
A34: =ORÇAMENTO!E37 -> CONCRETAGEM DE BLOCO DE COROAMENTO OU VIGA BALDRAME, FCK 30 MPA, COM USO DE BOMBA - LANÇAMENTO, ADENSAMENTO E ACABAMENTO. | B34: =ORÇAMENTO!F37 -> m³ | C34: =ORÇAMENTO!G37 -> 6.75 | D34: =ORÇAMENTO!K37 -> (0,5*0,5*0,5) * 54 | E34: =ORÇAMENTO!L37 -> 0,5*0,5*0,5 (volume do bloco) * quantidade
A35: VIGA BALDRAME
A36: =ORÇAMENTO!E39 -> FABRICAÇÃO, MONTAGEM E DESMONTAGEM DE FÔRMA PARA VIGA BALDRAME, EM MADEIRA SERRADA, E=25 MM, 4 UTILIZAÇÕES. | B36: =ORÇAMENTO!F39 -> m² | C36: =ORÇAMENTO!G39 -> 109.842 | D36: =ORÇAMENTO!K39 -> 183,07*0,3*2 | E36: =ORÇAMENTO!L39 -> m linear * altura* 2 lados
A37: =ORÇAMENTO!E40 -> ARMAÇÃO DE BLOCO UTILIZANDO AÇO CA-50 DE 10 MM - MONTAGEM. | B37: =ORÇAMENTO!F40 -> kg | C37: =ORÇAMENTO!G40 -> 451.81676 | D37: =ORÇAMENTO!K40 -> 4*183,07*0,617 | E37: =ORÇAMENTO!L40 -> Qtd de barras (4 Ø 10mm) * m linear * massa nominal da bitola de 10 (0,617kg/m)
A38: =ORÇAMENTO!E41 -> CORTE, DOBRA E MONTAGEM DE AÇO CA-60, DIÂMETRO (4,2MM A 5,0MM), INCLUSIVE ESPAÇADOR | B38: =ORÇAMENTO!F41 -> kg | C38: =ORÇAMENTO!G41 -> 108.5422 | D38: =ORÇAMENTO!K41 -> ((183,07/0,2)*((2*0,1)+(2*0,25)+0,07))*0,154 | E38: =ORÇAMENTO!L41 -> M linear {Qtd estribos [qtd estribo p/ viga (m linear da viga /espaçamento (0,20))] * M linear estribo [2*Largura (0,09) + 2*comprimento (0,21) + dobra (0,07)]} * massa bitola de 5mm 0,154 KG/M
A39: =ORÇAMENTO!E42 -> CONCRETAGEM DE BLOCO DE COROAMENTO OU VIGA BALDRAME, FCK 30 MPA, COM USO DE BOMBA - LANÇAMENTO, ADENSAMENTO E ACABAMENTO. | B39: =ORÇAMENTO!F42 -> m³ | C39: =ORÇAMENTO!G42 -> 8.253 | D39: =ORÇAMENTO!K42 -> 27,51*0,3 | E39: =ORÇAMENTO!L42 -> Area da base * altura
A41: SUPERESTRUTURA
A42: CONCRETO ARMADO - PILARES
A43: =ORÇAMENTO!E46 -> MONTAGEM E DESMONTAGEM DE FÔRMA DE PILARES RETANGULARES E ESTRUTURAS SIMILARES, PÉ-DIREITO SIMPLES, EM CHAPA DE MADEIRA COMPENSADA PLASTIFIC ADA, 18 UTILIZAÇÕES. | B43: =ORÇAMENTO!F46 -> m² | C43: =ORÇAMENTO!G46 -> 129.6 | D43: =ORÇAMENTO!K46 -> ((0,14*3*2)+(0,26*3*2))*54 | E43: =ORÇAMENTO!L46 -> (largura * altura * 2 lados)+ (comprimento* altura * 2 lados) * quantidade ( construção e muro)
A44: =ORÇAMENTO!E47 -> ARMAÇÃO DE PILAR OU VIGA DE ESTRUTURA CONVENCIONAL DE CONCRETO ARMADO UTILIZANDO AÇO CA-50 DE 10,0 MM - MONTAGEM. | B44: =ORÇAMENTO!F47 -> kg | C44: =ORÇAMENTO!G47 -> 399.816 | D44: =ORÇAMENTO!K47 -> 3*4*0,617*54 | E44: =ORÇAMENTO!L47 -> altura do pilar * qtd barras (4 Ø 10mm)* massa nominal da bitola de 10mm (0,617kg/m) * qtd de pilares
A45: =ORÇAMENTO!E48 -> ARMAÇÃO DE PILAR OU VIGA DE ESTRUTURA CONVENCIONAL DE CONCRETO ARMADO UTILIZANDO AÇO CA-60 DE 5,0 MM - MONTAGEM. | B45: =ORÇAMENTO!F48 -> kg | C45: =ORÇAMENTO!G48 -> 83.5758 | D45: =ORÇAMENTO!K48 -> (((3/0,20)*54)*((2*0,09)+(2*0,21)+0,07))*0,154 | E45: =ORÇAMENTO!L48 -> M linear {Qtd estribos [ qtd estribo p/ coluna (altura da coluna (3) /espaçamento (0,20))* qtd colunas] * M linear estribo [2*Largura (0,09) + 2*comprimento (0,21) + dobra (0,07)]} * massa da bitola de 5mm 0,154 KG/M
A46: =ORÇAMENTO!E49 -> CONCRETAGEM DE PILARES, FCK = 25 MPA, COM USO DE BOMBA - LANÇAMENTO, ADENSAMENTO E ACABAMENTO. | B46: =ORÇAMENTO!F49 -> m³ | C46: =ORÇAMENTO!G49 -> 7.29 | D46: =ORÇAMENTO!K49 -> 3*0,15*0,3*54 | E46: =ORÇAMENTO!L49 -> Área da base dos 54 pilares * altura
A47: CONCRETO ARMADO - VIGAS
A48: =ORÇAMENTO!E51 -> MONTAGEM E DESMONTAGEM DE FÔRMA DE VIGA, ESCORAMENTO COM GARFO DE MADEIRA, PÉ-DIREITO SIMPLES, EM CHAPA DE MADEIRA PLASTIFICADA, 18 UTILIZAÇ ÕES. | B48: =ORÇAMENTO!F51 -> m² | C48: =ORÇAMENTO!G51 -> 90.842 | D48: =ORÇAMENTO!K51 -> (109,73*0,3 * 2)+16,46 + (71,2*0,3*0,2)*2 | E48: =ORÇAMENTO!L51 -> m linear das vigas * altura *2 lados+ área da base
A49: =ORÇAMENTO!E52 -> ARMAÇÃO DE PILAR OU VIGA DE ESTRUTURA CONVENCIONAL DE CONCRETO ARMADO UTILIZANDO AÇO CA-50 DE 10,0 MM - MONTAGEM. | B49: =ORÇAMENTO!F52 -> kg | C49: =ORÇAMENTO!G52 -> 933.38526 | D49: =ORÇAMENTO!K52 -> 252,13*6*0,617 | E49: =ORÇAMENTO!L52 -> m linear das vigas * qtd barras (6 Ø 10mm)* massa nominal da bitola de 10mm (0,617kg/m)
A50: =ORÇAMENTO!E53 -> ARMAÇÃO DE PILAR OU VIGA DE ESTRUTURA CONVENCIONAL DE CONCRETO ARMADO UTILIZANDO AÇO CA-60 DE 5,0 MM - MONTAGEM. | B50: =ORÇAMENTO!F53 -> kg | C50: =ORÇAMENTO!G53 -> 149.48788 | D50: =ORÇAMENTO!K53 -> (252,13/0,2)*((2*0,1)+(2*0,25)+0,07)*0,154 | E50: =ORÇAMENTO!L53 -> M linear {Qtd estribos [qtd estribo p/ viga (m linear da viga /espaçamento (0,20))] * M linear estribo [2*Largura (0,09) + 2*comprimento (0,21) + dobra (0,07)]} * massa bitola de 5mm 0,154 KG/M
A51: =ORÇAMENTO!E54 -> CONCRETAGEM DE VIGAS E LAJES, FCK=25 MPA, PARA LAJES PREMOLDADAS COM USO DE BOMBA - LANÇAMENTO, ADENSAMENTO E ACABAMENTO. | B51: =ORÇAMENTO!F54 -> m³ | C51: =ORÇAMENTO!G54 -> 2.2692 | D51: =ORÇAMENTO!K54 -> 37,82*0,3*0,2 | E51: =ORÇAMENTO!L54 -> area da base das vigas * altura ( construção e muro)
A52: CONCRETO ARMADO - LAJES DE FORRO
A53: =ORÇAMENTO!E56 -> LAJE PRÉ-MOLDADA UNIDIRECIONAL, BIAPOIADA, PARA FORRO, ENCHIMENTO EM CERÂMICA, VIGOTA CONVENCIONAL, ALTURA TOTAL DA LAJE (ENCHIMENTO+CAPA) = (8+3). | B53: =ORÇAMENTO!F56 -> m² | C53: =ORÇAMENTO!G56 -> 156.18 | D53: =ORÇAMENTO!K56 -> 156.18 | E53: =ORÇAMENTO!L56 -> área das lajes
A54: CONCRETO ARMADO - VERGAS E CONTRAVERGAS
A55: VERGA PRÉ-MOLDADA COM ATÉ 1,5 M DE VÃO, ESPESSURA DE *20* CM. | B55: m | C55: =(((3*0.6)+(8*1.5)+(2*2))+((6*0.8)+(2*0.9)+(1*0.8)+(2*1.5)))*1.4 -> 39.48 | D55: (((3*0,60)+(8*1,5)+(2*2))+((6*0,8)+(2*0,9)+(1*0,8)+(2*1,5)))*1,4 | E55: m linear janelas + m linear portas + 20% de cada lado = 40% = 1,4
A56: CONTRAVERGA PRÉ-MOLDADA, ESPESSURA DE *20* CM. | B56: m | C56: =((3*0.6)+(8*1.5)+(2*2))*1.4 -> 24.92 | D56: ((3*0,60)+(8*1,5)+(2*2))*1,4 | E56: m linear janelas + 20% de cada lado = 40% = 1,4
A58: SISTEMAS DE VEDAÇÃO VERTICAL
A59: =ORÇAMENTO!E62 -> ALVENARIA DE VEDAÇÃO DE BLOCOS CERÂMICOS FURADOS NA HORIZONTAL DE 9X19X29 CM (ESPESSURA 9 CM) E ARGAMASSA DE ASSENTAMENTO COM PREPARO EM BET ONEIRA. | B59: =ORÇAMENTO!F62 -> m² | C59: =ORÇAMENTO!G59 -> 24.92 | D59: =ORÇAMENTO!K59 -> ((3*0,60)+(8*1,5)+(2*2))*1,4 | E59: =ORÇAMENTO!L59 -> m linear janelas + 20% de cada lado = 40% = 1,4
A61: ESQUADRIAS
A62: PORTAS DE MADEIRA
A63: =ORÇAMENTO!E66 -> KIT DE PORTA DE MADEIRA PARA VERNIZ, SEMI-OCA (LEVE OU MÉDIA), PADRÃO POPULAR, 80X210CM, ESPESSURA DE 3,5CM, ITENS INCLUSOS: DOBRADIÇAS, MON TAGEM E INSTALAÇÃO DE BATENTE, FECHADURA COM EXECUÇÃO DO FURO - FORNEC IMENTO E INSTALAÇÃO. | B63: =ORÇAMENTO!F66 -> un | C63: =ORÇAMENTO!G66 -> 8 | D63: =ORÇAMENTO!K69 -> 2 | E63: =ORÇAMENTO!L69 -> Unidade
A64: =ORÇAMENTO!E67 -> KIT DE PORTA DE MADEIRA PARA VERNIZ, SEMI-OCA (LEVE OU MÉDIA), PADRÃO POPULAR, 90X210CM, ESPESSURA DE 3CM, ITENS INCLUSOS: DOBRADIÇAS, MONTA GEM E INSTALAÇÃO DE BATENTE, FECHADURA COM EXECUÇÃO DO FURO - FORNECIM ENTO E INSTALAÇÃO. | B64: =ORÇAMENTO!F67 -> un | C64: =ORÇAMENTO!G67 -> 2 | D64: =ORÇAMENTO!K70 -> 1 | E64: =ORÇAMENTO!L70 -> Unidade
A65: FERRAGENS E ACESSÓRIOS
A66: =ORÇAMENTO!E69 -> PUXADOR PARA PCD, FIXADO NA PORTA - FORNECIMENTO E INSTALAÇÃO. | B66: =ORÇAMENTO!F69 -> un | C66: =ORÇAMENTO!G69 -> 2 | D66: =ORÇAMENTO!K69 -> 2 | E66: =ORÇAMENTO!L69 -> Unidade
A67: =ORÇAMENTO!E70 -> FORNECIMENTO DE MARCO EM CHAPA METÁLICA, INCLUSIVE ASSENTAMENTO, EXCLUSIVE PORTA | B67: =ORÇAMENTO!F70 -> un | C67: =ORÇAMENTO!G70 -> 1 | D67: =ORÇAMENTO!K70 -> 1 | E67: =ORÇAMENTO!L70 -> Unidade
A68: PORTAS DE ALUMÍNIO E VIDRO
A69: =ORÇAMENTO!E72 -> PORTA DE CORRER DE ALUMÍNIO, COM DUAS FOLHAS PARA VIDRO, INCLUSO VIDRO LISO INCOLOR, FECHADURA E PUXADOR, SEM ALIZAR. | B69: =ORÇAMENTO!F72 -> m² | C69: =ORÇAMENTO!G72 -> 6.3 | D69: =ORÇAMENTO!K72 -> 1,5*2,1*2 | E69: =ORÇAMENTO!L72 -> Porta de vidro de vidro de correr
A70: JANELAS DE ALUMÍNIO E VIDRO
A71: =ORÇAMENTO!E74 -> JANELA DE ALUMÍNIO TIPO MAXIM-AR, COM VIDROS, BATENTE E FERRAGENS. EXCLUSIVE ALIZAR, ACABAMENTO E CONTRAMARCO. FORNECIMENTO E INSTALAÇÃO. | B71: =ORÇAMENTO!F74 -> m² | C71: =ORÇAMENTO!G74 -> 1.08 | D71: =ORÇAMENTO!K74 -> (0,60*0,60)*3 | E71: =ORÇAMENTO!L74 -> Área * quantidade
A72: =ORÇAMENTO!E75 -> JANELA DE ALUMÍNIO DE CORRER COM 2 FOLHAS PARA VIDROS, COM VIDROS, BATENTE, ACABAMENTO COM ACETATO OU BRILHANTE E FERRAGENS. EXCLUSIVE ALIZAR E CONTRAMARCO. FORNECIMENTO E INSTALAÇÃO. | B72: =ORÇAMENTO!F75 -> m² | C72: =ORÇAMENTO!G75 -> 14.4 | D72: =ORÇAMENTO!K75 -> (1,5*1,2)*8 | E72: =ORÇAMENTO!L75 -> Área * quantidade
A73: =ORÇAMENTO!E76 -> JANELA DE ALUMÍNIO DE CORRER COM 4 FOLHAS PARA VIDROS, COM VIDROS, BATENTE, ACABAMENTO COM ACETATO OU BRILHANTE E FERRAGENS. EXCLUSIVE ALIZA R E CONTRAMARCO. FORNECIMENTO E INSTALAÇÃO. | B73: =ORÇAMENTO!F76 -> m² | C73: =ORÇAMENTO!G76 -> 4.8 | D73: =ORÇAMENTO!K76 -> (2,00*1,2)*2 | E73: =ORÇAMENTO!L76 -> Área * quantidade
A74: =ORÇAMENTO!E77 -> PEITORIL LINEAR EM GRANITO OU MÁRMORE, L = 15CM, COMPRIMENTO DE ATÉ 2M, ASSENTADO COM ARGAMASSA 1:6 COM ADITIVO. | B74: =ORÇAMENTO!F77 -> m | C74: =ORÇAMENTO!G77 -> 17.8 | D74: =ORÇAMENTO!K77 -> 1,5*8+0,6*3+2*2 | E74: =ORÇAMENTO!L77 -> m linear peitoril
A75: PORTÕES
A76: =ORÇAMENTO!E79 -> PORTÃO EM CHAPA DE AÇO GALVANIZADO, TIPO LAMBRIL, ESP. 1, 25MM (GSG-18), EXCLUSIVE CADEADO E PINTURA - PORTÃO SOCIAL | B76: =ORÇAMENTO!F79 -> m² | C76: =ORÇAMENTO!G79 -> 1.68 | D76: =ORÇAMENTO!K79 -> 0,8*2,1 | E76: =ORÇAMENTO!L79 -> Área do portão social
A77: =ORÇAMENTO!E80 -> PORTÃO EM CHAPA DE AÇO GALVANIZADO, TIPO LAMBRIL, ESP. 1, 25MM (GSG-18), EXCLUSIVE CADEADO E PINTURA | B77: =ORÇAMENTO!F80 -> m² | C77: =ORÇAMENTO!G80 -> 6.3 | D77: =ORÇAMENTO!K80 -> 3*2,1 | E77: =ORÇAMENTO!L80 -> Área do portão
A79: SISTEMAS DE COBERTURA
A80: =ORÇAMENTO!E83 -> ENGRADAMENTO PARA TELHAS CERÂMICA OU CONCRETO EM MADEIRA PARAJU | B80: =ORÇAMENTO!F83 -> m² | C80: =ORÇAMENTO!G83 -> 247.494 | D80: =ORÇAMENTO!K83 -> 190,38 + 30% de inclinação | E80: =ORÇAMENTO!L83 -> Área do telhado
A81: =ORÇAMENTO!E84 -> COBERTURA EM TELHA CERÂMICA, TIPO COLONIAL, INCLUSIVE FIXAÇÃO, EXCLUSIVE ENGRADAMENTO E MANTA ISOLANTE/ TÉRMICA | B81: =ORÇAMENTO!F84 -> m² | C81: =ORÇAMENTO!G84 -> 247.494 | D81: =ORÇAMENTO!K84 -> 190,38 + 30% de inclinação | E81: =ORÇAMENTO!L84 -> Área do telhado
A82: =ORÇAMENTO!E85 -> CUMEEIRA PARA TELHA CERÂMICA EMBOÇADA COM ARGAMASSA TRAÇO 1:2:9 (CIMENTO, CAL E AREIA) PARA TELHADOS COM ATÉ 2 ÁGUAS, INCLUSO TRANSPORTE VER TICAL. | B82: =ORÇAMENTO!F85 -> m | C82: =ORÇAMENTO!G85 -> 36.7 | D82: =ORÇAMENTO!K85 -> 16,4+4,3+(4*4) | E82: =ORÇAMENTO!L85 -> perimetro da cumeeira
A84: IMPERMEABILIZAÇÃO
A85: =ORÇAMENTO!E88 -> IMPERMEABILIZAÇÃO DE SUPERFÍCIE COM EMULSÃO ASFÁLTICA, 2 DEMÃOS. | B85: =ORÇAMENTO!F88 -> m² | C85: =ORÇAMENTO!G88 -> 108.558 | D85: =ORÇAMENTO!K88 -> 180,93*0,3*2 | E85: =ORÇAMENTO!L88 -> area da base + (m linear * altura (0,3)*2 lados)
A87: REVESTIMENTOS INTERNO E EXTERNO
A88: =ORÇAMENTO!E91 -> CHAPISCO COM ARGAMASSA INDUSTRIALIZADA, ESP. 5MM, APLICADO EM ALVENARIA/ESTRUTURA DE CONCRETO COM DESEMPENADEIRA METÁLICA, INCLUSIVE ARGAMASSA COM PREPARO MECANIZADO. | B88: =ORÇAMENTO!F91 -> m² | C88: =ORÇAMENTO!G91 -> 956.58 | D88: =ORÇAMENTO!K91 -> 318,86*3 | E88: =ORÇAMENTO!L91 -> (Perimetro interno * pe direito) + area das predes externas + muro
A89: =ORÇAMENTO!E92 -> REBOCO COM ARGAMASSA, TRAÇO 1:2:8 (CIMENTO, CAL E AREIA), ESP. 20MM, APLICAÇÃO MANUAL, INCLUSIVE ARGAMASSA COM PREPARO MECANIZADO, EXCLUSIVE CHAPISCO | B89: =ORÇAMENTO!F92 -> m² | C89: =ORÇAMENTO!G92 -> 956.58 | D89: =ORÇAMENTO!K92 -> 318,86*3 | E89: =ORÇAMENTO!L92 -> (Perimetro interno * pe direito) + area das predes externas + muro
A90: =ORÇAMENTO!E93 -> MASSA ÚNICA, EM ARGAMASSA INDUSTRIALIZADA, PREPARO MECÂNICO, APLICADA COM EQUIPAMENTO DE MISTURA E PROJEÇÃO DE ARGAMASSA EM PAREDES INTERNAS , E = 5MM, SEM TALISCAS. | B90: =ORÇAMENTO!F93 -> m² | C90: =ORÇAMENTO!G93 -> 658.38 | D90: =ORÇAMENTO!K93 -> 219,46*3 | E90: =ORÇAMENTO!L93 -> (Perimetro interno * pe direito
A91: =ORÇAMENTO!E94 -> REVESTIMENTO COM CERÂMICA APLICADO EM PAREDE, ACABAMENTO ESMALTADO, AMBIENTE INTERNO/EXTERNO, PADRÃO EXTRA, DIMENSÃO DA PEÇA ATÉ 2025 CM2, PEI III, ASSENTAMENTO COM ARGAMASSA INDUSTRIALIZADA, INCLUSIVE REJUNTAMENTO | B91: =ORÇAMENTO!F94 -> m² | C91: =ORÇAMENTO!G94 -> 100.44 | D91: =ORÇAMENTO!K94 -> 33,48*3 | E91: =ORÇAMENTO!L94 -> (Perimetro interno * pe direito)
A93: SISTEMAS DE PISOS
A94: PAVIMENTAÇÃO INTERNA
A95: =ORÇAMENTO!E98 -> CONTRAPISO DESEMPENADO COM ARGAMASSA, TRAÇO 1:3 (CIMENTO E AREIA), ESP. 50MM | B95: =ORÇAMENTO!F98 -> m² | C95: =ORÇAMENTO!G98 -> 210.02 | D95: =ORÇAMENTO!K98 -> 139,36 + 70,66 | E95: =ORÇAMENTO!L98 -> Area do contrapiso
A96: =ORÇAMENTO!E99 -> REVESTIMENTO COM CERÂMICA APLICADO EM PISO, ACABAMENTO ESMALTADO, AMBIENTE EXTERNO (ANTIDERRAPANTE), PADRÃO EXTRA, DIMENSÃO DA PEÇA ATÉ 2025 CM2, PEI V, ASSENTAMENTO COM ARGAMASSA INDUSTRIALIZADA, INCLUSIVE REJUNTAMENTO | B96: =ORÇAMENTO!F99 -> m² | C96: =ORÇAMENTO!G99 -> 70.66 | D96: =ORÇAMENTO!K99 -> 70.66 | E96: =ORÇAMENTO!L99 -> Area do contrapiso
A97: =ORÇAMENTO!E100 -> REVESTIMENTO COM CERÂMICA APLICADO EM PISO, ACABAMENTO ESMALTADO, AMBIENTE INTERNO, PADRÃO EXTRA, DIMENSÃO DA PEÇA ATÉ 2025 CM2, PEI IV, ASSENTAMENTO COM ARGAMASSA INDUSTRIALIZADA, INCLUSIVE REJUNTAMENTO | B97: =ORÇAMENTO!F100 -> m² | C97: =ORÇAMENTO!G100 -> 139.36 | D97: =ORÇAMENTO!K100 -> 139.36 | E97: =ORÇAMENTO!L100 -> Area do contrapiso
A98: =ORÇAMENTO!E101 -> RODAPÉ CERÂMICO DE 7CM DE ALTURA COM PLACAS TIPO ESMALTADA EXTRA DE DI M CR 15,22 MENSÕES 60X60CM. | B98: =ORÇAMENTO!F101 -> m | C98: =ORÇAMENTO!G101 -> 167.1 | D98: =ORÇAMENTO!K101 -> (8,9+ 11,9+ 12,4+ 12,2+ 23+ 14,9+ 23,3+ 18,7+ 7,7+ 7,7+ 21,2+ 5,2) | E98: =ORÇAMENTO!L101 -> perimetro interno
A99: =ORÇAMENTO!E102 -> SOLEIRA EM GRANITO, LARGURA 15 CM, ESPESSURA 2,0 CM. | B99: =ORÇAMENTO!F102 -> m | C99: =ORÇAMENTO!G102 -> 5.6 | D99: =ORÇAMENTO!K102 -> 0,9*2+1,5*2+0,8 | E99: =ORÇAMENTO!L102 -> M linear das soleiras
A100: PAVIMENTAÇÃO EXTERNA
A101: =ORÇAMENTO!E104 -> PISO CIMENTADO, TRAÇO 1:3 (CIMENTO E AREIA), ACABAMENTO LISO, ESPESSURA 2,0 CM, PREPARO MECÂNICO DA ARGAMASSA. | B101: =ORÇAMENTO!F104 -> m² | C101: =ORÇAMENTO!G104 -> 57.84 | D101: =ORÇAMENTO!K104 -> 57.84 | E101: =ORÇAMENTO!L104 -> Área concretada fira pisos
A103: PINTURAS E ACABAMENTOS
A104: =ORÇAMENTO!E107 -> PREPARAÇÃO PARA EMASSAMENTO OU PINTURA (LÁTEX/ ACRÍLICA) EM PAREDE, INCLUSIVE UMA (1) DEMÃO DE SELADOR ACRÍLICO | B104: =ORÇAMENTO!F107 -> m² | C104: =ORÇAMENTO!G107 -> 1097.08 | D104: =ORÇAMENTO!K107 -> ((8,9+ 11,9+ 12,4+ 12,2+ 23+ 14,9+ 23,3+ 18,7+ 7,7+ 7,7+ 21,2+ 5,2)* 3)+ (25,56+ 17,44+ 40,55+ 24,83+ 16,99+ 13,62+ 17,45+ 12,14) + 427,2 | E104: =ORÇAMENTO!L107 -> (Perimetro interno * pe direito) + area das predes externas + MURO
A105: =ORÇAMENTO!E108 -> PINTURA LÁTEX ACRÍLICA PREMIUM, APLICAÇÃO MANUAL EM TETO, DUAS DEMÃOS. | B105: =ORÇAMENTO!F108 -> m² | C105: =ORÇAMENTO!G108 -> 139.36 | D105: =ORÇAMENTO!K108 -> 139.36 | E105: =ORÇAMENTO!L108 -> Área do teto
A106: =ORÇAMENTO!E109 -> PINTURA LÁTEX ACRÍLICA PREMIUM, APLICAÇÃO MANUAL EM PAREDES, DUAS DEMÃOS. | B106: =ORÇAMENTO!F109 -> m² | C106: =ORÇAMENTO!G109 -> 1097.08 | D106: =ORÇAMENTO!K109 -> ((8,9+ 11,9+ 12,4+ 12,2+ 23+ 14,9+ 23,3+ 18,7+ 7,7+ 7,7+ 21,2+ 5,2)* 3)+ (25,56+ 17,44+ 40,55+ 24,83+ 16,99+ 13,62+ 17,45+ 12,14) + 427,2 | E106: =ORÇAMENTO!L109 -> (Perimetro interno * pe direito) + area das predes externas + MURO
A107: =ORÇAMENTO!E110 -> PINTURA ESMALTE SINTÉTICO EM SUPERFÍCIES METÁLICAS, DUAS (2) DEMÃOS, INCLUSIVE UMA (1) DEMÃO DE FUNDO ANTICORROSIVO | B107: =ORÇAMENTO!F110 -> m² | C107: =ORÇAMENTO!G110 -> 15.96 | D107: =ORÇAMENTO!K110 -> 7,98 M² * 2 | E107: =ORÇAMENTO!L110 -> Área das portoes
A108: =ORÇAMENTO!E111 -> PINTURA TINTA DE ACABAMENTO (PIGMENTADA) ESMALTE SINTÉTICO ACETINADO EM MADEIRA, 2 DEMÃOS. | C108: =ORÇAMENTO!G111 -> 49.44 | D108: =ORÇAMENTO!K111 -> ((0,8*2,1)*7+(0,9*2,1)*2+(3*2,5)+(0,8*2,1))*2 | E108: =ORÇAMENTO!L111 -> Área das portas
A110: INSTALAÇÃO HIDRÁULICA
A111: TUBULAÇÕES E CONEXÕES DE PVC
A112: =ORÇAMENTO!E115 -> TUBO, PVC, SOLDÁVEL, DN 20MM, INSTALADO EM RAMAL DE DISTRIBUIÇÃO DE ÁGUA - FORNECIMENTO E INSTALAÇÃO. | B112: =ORÇAMENTO!F115 -> m | C112: =ORÇAMENTO!G115 -> 32 | D112: =ORÇAMENTO!K115 -> 32 | E112: =ORÇAMENTO!L115 -> metro linear (calculado com base no projeto arquitetônico básico)
A113: =ORÇAMENTO!E116 -> TUBO, PVC, SOLDÁVEL, DN 25MM, INSTALADO EM PRUMADA DE ÁGUA - FORNECIMENTO E INSTALAÇÃO. | B113: =ORÇAMENTO!F116 -> m | C113: =ORÇAMENTO!G116 -> 20 | D113: =ORÇAMENTO!K116 -> 20 | E113: =ORÇAMENTO!L116 -> metro linear (calculado com base no projeto arquitetônico básico)
...
